 Dungeon Crawl Stone Soup version 0.31-a0-986-g5e6e4ef867 (webtiles) character file.

Game seed: 15184538713963714683

7399214 Skeral the Ninja (level 27, 133/133 HPs)
             Began as a Felid Chaos Knight on Nov 16, 2023.
             Was a Favourite Plaything of Xom.
             Escaped with the Orb
             ... and 9 runes on Nov 17, 2023!
             The game lasted 06:15:24 (81211 turns).

Skeral the Ninja (Felid Chaos Knight)              Turns: 81211, Time: 06:15:25

Health: 133/133    AC: 15    Str: 14      XL:     27
Magic:  45/45      EV: 70    Int: 12      God:    Xom [*.....]
Gold:   7278       SH:  0    Dex: 26 (27) Spells: 30/53 levels left
                                        Lives:  1   Deaths: 7

rFire   + +          +
                       - Unarmed
rCold   + + +        (shield unavailable)
rNeg    + + .        (body armour unavailable) rPois โˆž
                     (helmet unavailable)
rElec   +            (cloak unavailable)
rCorr   .            (gloves unavailable)
SInv    +            (boots unavailable)
Will    ++++.        g - amulet of regeneration
Stlth   ++++         V - ring of the Insatiable Souls {rF+ rN+ Stlth+}
HPRegen 1.22/turn    W - ring "Biocs" {Contam +Blink rC+++ rN+ Slay+5}
MPRegen 0.29/turn

%: no passive effects
@: storm-form, flying
A: cleaving, insubstantial, flying, very small, (claws 1), (fangs 3), see
invisible, (speed 1), (shaggy fur 3), (stealthy paws), no weapons or thrown
items, no armour, multi-lived, (horns 2), (iridescent scales 1), agile 2,
deterioration 1, frail 1, high MP 1, sense surroundings 2, (electricity
resistance), wild magic 3, inability to drink after injury 2, MP-powered wands
0: Orb of Zot
}: 9/15 runes: decaying, slimy, silver, icy, abyssal, demonic, glowing, magical,
gossamer
a: Blinkbolt, Begin Untransformation, Renounce Religion, Evoke Blink


You escaped.
You worshipped Xom.
You were a special plaything of Xom.
You were a lightning-filled tempest!
You visited 14 branches of the dungeon, and saw 64 of its levels.
You visited Pandemonium 1 time, and saw 9 of its levels.
You visited the Abyss 1 time.
You also visited: Ossuary, Gauntlet, Ice Cave and Volcano.

You collected 11946 gold pieces.
You spent 4668 gold pieces at shops.


Innate Abilities, Weirdness & Mutations

You are a lightning-filled tempest!
Your electrical attacks strike out in all directions at once.
You are incredibly evasive.
Your insubstantial body is immune to petrification, constriction, and being set on fire You are flying.
You are immune to poison.
((You have sharp claws.))
((You have razor-sharp teeth.))
You have supernaturally acute eyesight. (SInv)
((You cover ground quickly. (Speed+)))
((Your thick and shaggy fur keeps you warm. (AC +3, rC+)))
((Your paws help you pounce on unaware monsters.))
You are incapable of wielding weapons or throwing items.
You cannot wear armour.
You gain extra lives every three experience levels.
((You have a pair of horns on your head.))
((You are partially covered in iridescent scales. (AC +2)))
You are very agile. (Dex +8, Str/Int -2)
Your body sometimes deteriorates upon taking damage.
You are frail. (-10% HP)
You have an increased reservoir of magic. (+10% MP)
You passively map the area around you.
((You are resistant to electric shocks. (rElec)))
Your spells are much harder to cast, but much more powerful.
You sometimes lose the ability to drink potions when taking damage.
You expend magic power (3 MP) to strengthen your wands.


   Skills:
 + Level 26.8 Fighting
 + Level 21.9 Dodging
 O Level 27 Stealth
 + Level 26.8 Unarmed Combat
 + Level 13.7 Spellcasting
 - Level 19.0 Translocations
 - Level 8.0 Air Magic
 + Level 11.2 Evocations
 O Level 27 Shapeshifting


You had 30 spell levels left.
You knew the following spells:

 Your Spells              Type           Power      Damage    Failure   Level
b - Blink                 Tloc           100%       N/A       1%          2
d - Dispersal             Tloc           40%        N/A       4%          6
f - Manifold Assault      Tloc           80%        N/A       1%          4
p - Passage of Golubria   Tloc           80%        N/A       1%          4
t - Teleport Other        Tloc           80%        N/A       1%          3
v - Vhi's Electric Charg  Tloc/Air       100%       N/A       3%          4

Your spell library contained the following spells:

 Spells                   Type           Power      Damage    Failure   Level
 Apportation              Tloc           100%       N/A       1%          1
 Gell's Gravitas          Tloc           80%        N/A       1%          3
 Volatile Blastmotes      Fire/Tloc      100%       2d18      4%          3
 Iskenderun's Mystic Bla  Conj/Tloc      56%        2d12      9%          4
 Poisonous Vapours        Pois/Air       66%        N/A       11%         2
 Static Discharge         Conj/Air       66%        3-6/arc   11%         2
 Airstrike                Air            25%        2d(4-20)  13%         4
 Cigotuvi's Dreadful Rot  Necr/Pois/Air  54%        N/A       16%         2
 Summon Forest            Summ/Tloc      28%        N/A       17%         5
 Foxfire                  Conj/Fire      60%        2x1d7     26%         1
 Freeze                   Ice            60%        1d7       26%         1
 Kiss of Death            Conj/Necr      60%        2d10      26%         1
 Magic Dart               Conj           60%        1d6       26%         1
 Necrotise                Necr           60%        1d7       26%         1
 Sandblast                Erth           30%        2d9       26%         1
 Slow                     Hex            60%        N/A       26%         1
 Sting                    Tmut/Pois      60%        1d6       26%         1
 Summon Small Mammal      Summ           60%        N/A       26%         1
 Mephitic Cloud           Conj/Pois/Air  27%        N/A       26%         3
 Call Imp                 Summ           30%        N/A       32%         2
 Ensorcelled Hibernation  Hex/Ice        30%        N/A       32%         2
 Jinxbite                 Hex            30%        N/A       32%         2
 Passwall                 Tmut/Erth      12%        N/A       32%         2
 Searing Ray              Conj           30%        2d5       32%         2
 Wereblood                Tmut           15%        N/A       32%         2
 Summon Lightning Spire   Summ/Air       33%        N/A       38%         4
 Call Canine Familiar     Summ           15%        N/A       50%         3
 Confusing Touch          Hex            15%        N/A       50%         3
 Dazzling Flash           Conj/Hex       30%        N/A       50%         3
 Frozen Ramparts          Ice            30%        1d5       50%         3
 Hailstorm                Conj/Ice       15%        3d5       50%         3
 Inner Flame              Hex/Fire       15%        N/A       50%         3
 Ozocubu's Armour         Ice            15%        N/A       50%         3
 Sigil of Binding         Hex            15%        N/A       50%         3
 Stone Arrow              Conj/Erth      30%        3d8       50%         3
 Summon Guardian Golem    Hex/Summ       15%        N/A       50%         3
 Tukima's Dance           Hex            15%        N/A       50%         3
 Vampiric Draining        Necr           15%        2d7       50%         3
 Arcjolt                  Conj/Air       16%        1d26      67%         5
 Silence                  Hex/Air        16%        N/A       67%         5
 Freezing Cloud           Conj/Ice/Air   13%        6-21      82%         5
 Anguish                  Hex/Necr       7%         N/A       85%         4
 Brom's Barrelling Bould  Conj/Erth      15%        2d4       85%         4
 Cause Fear               Hex            7%         N/A       85%         4
 Dispel Undead            Necr           15%        3d10      85%         4
 Fulminant Prism          Conj/Hex       7%         3d6       85%         4
 Leda's Liquefaction      Hex/Erth       7%         N/A       85%         4
 Olgreb's Toxic Radiance  Pois           15%        N/A       85%         4
 Petrify                  Tmut/Erth      15%        N/A       85%         4
 Malign Gateway           Summ/Tloc      28%        N/A       94%         7
 Agony                    Necr           15%        N/A       98%         5
 Alistair's Intoxication  Tmut/Pois      10%        N/A       98%         5
 Borgnjor's Vile Clutch   Necr/Erth      7%         N/A       98%         5
 Fireball                 Conj/Fire      7%         3d5       98%         5
 Iskenderun's Battlesphe  Conj           15%        2d7       98%         5
 Lee's Rapid Deconstruct  Erth           7%         3d7*      98%         5
 Metabolic Englaciation   Hex/Ice        7%         N/A       98%         5
 Yara's Violent Unravell  Hex/Tmut       7%         3d5       98%         5
 Plasma Beam              Fire/Air       16%        2x1d28    99%         6
 Bombard                  Conj/Erth      7%         9d2       100%        6
 Death Channel            Necr           7%         N/A       100%        6
 Eringya's Noxious Bog    Tmut/Pois      7%         4d6       100%        6
 Simulacrum               Ice/Necr       7%         N/A       100%        6
 Starburst                Conj/Fire      7%         6d4       100%        6
 Enfeeble                 Hex            7%         N/A       100%        7
 Haunt                    Necr/Summ      7%         N/A       100%        7
 Ozocubu's Refrigeration  Ice            7%         4d9       100%        7
 Spellforged Servitor     Conj/Summ      7%         N/A       100%        7
 Summon Hydra             Summ           7%         N/A       100%        7
 Infestation              Necr           7%         N/A       100%        8
 Lehudib's Crystal Spear  Conj/Erth      7%         10d3      100%        8
 Maxwell's Capacitive Co  Air            25%        โˆž       100%        8
 Summon Horrible Things   Summ           7%         N/A       100%        8
 Chain Lightning          Conj/Air       16%        3d22      100%        9
 Dragon's Call            Summ           7%         N/A       100%        9
 Fire Storm               Conj/Fire      7%         8d2       100%        9
 Shatter                  Erth           7%         3d10*     100%        9
 Sublimation of Blood     Necr           Unusable   N/A       N/A         2
 Animate Armour           Summ/Erth      Unusable   N/A       N/A         4

Inventory:

Jewellery
 g - an amulet of regeneration (around neck)
   (You bought it in a shop on level 4 of the Dungeon)
 o - a +4 ring of protection
   (You found it on level 5 of the Realm of Zot)
 x - a ring of willpower
   (You found it on level 4 of the Dungeon)
 z - an amulet of reflection
   (You found it on level 1 of the Spider Nest)
 E - a +5 ring of evasion
   (You found it on level 12 of the Dungeon)
 O - the ring of Dim Light {rN++ MP+9}
   (You found it on level 7 of Cocytus)

   [ring of magical power]

   rN++:      It greatly protects you from negative energy.
   MP+9:      It affects your magic capacity (+9).
 V - the ring of the Insatiable Souls (left paw) {rF+ rN+ Stlth+}
   (You bought it in a shop on level 2 of the Orcish Mines)

   [ring of positive energy]

   rF+:       It protects you from fire.
   rN+:       It protects you from negative energy.
   Stlth+:    It makes you more stealthy.
 W - the ring "Biocs" (right paw) {Contam +Blink rC+++ rN+ Slay+5}
   (You bought it in a shop on level 10 of the Dungeon)

   [ring of positive energy]

   Slay+5:    It affects your accuracy & damage with ranged weapons and melee
   (+5).
   rC+++:     It renders you almost immune to cold.
   rN+:       It protects you from negative energy.
   +Blink:    It lets you blink.
   Contam:    It causes magical contamination when unequipped.
Talismans
 J - a blade talisman
   (You bought it in a shop on level 4 of the Dungeon)
 X - the storm talisman of the Hurricane (active) {rF++ Dex-2}
   (You found it on level 1 of the Depths)

   [storm talisman]

   Dex-2:     It affects your dexterity (-2).
   rF++:      It greatly protects you from fire.
 Z - a granite talisman
   (You found it on level 3 of the Elven Halls)
Wands
 n - a wand of quicksilver (28)
   (You found it on level 3 of the Dungeon)
 A - a wand of digging (25)
   (You found it on level 4 of the Spider Nest)
 H - a wand of mindburst (21)
   (You found it on level 11 of the Dungeon)
 L - a wand of paralysis (40)
   (You found it on level 13 of the Dungeon)
 N - a wand of iceblast (70)
   (You found it on level 7 of the Dungeon)
 R - a wand of flame (52)
   (You found it on level 3 of the Swamp)
Scrolls
 b - 4 scrolls of revelation
 d - 6 scrolls of immolation {!r!r}
 f - 5 scrolls of fear
 k - 11 scrolls of vulnerability {!r!r}
 t - 2 scrolls of summoning
 y - 11 scrolls of poison {!r}
 B - 8 scrolls of amnesia
 C - 3 scrolls of blinking {!r}
 G - 12 scrolls of fog
 I - 5 scrolls of torment {!r}
 P - 3 scrolls of identify {@r1}
 Q - 8 scrolls of teleportation {@r4}
 T - 5 scrolls of silence {!r}
Potions
 i - 10 potions of might
 j - 5 potions of berserk rage {!q}
 l - 7 potions of invisibility
 m - 9 potions of mutation {!q}
 p - 3 potions of cancellation
 q - 9 potions of ambrosia
 r - 5 potions of resistance
 s - 21 potions of curing {@q1}
 u - 10 potions of lignification {!q}
 v - 11 potions of enlightenment
 D - 8 potions of attraction {!q}
 K - 2 potions of magic
 U - 7 potions of brilliance
Miscellaneous
 a - a sack of spiders
   (Xom gifted it to you on level 7 of Cocytus)
 c - a phantom mirror
   (You found it on level 15 of the Dungeon)
 e - a lightning rod (4/4)
   (You found it on level 5 of the Vaults)
 w - a condenser vane
   (You found it on level 5 of the Lair of Beasts)
 F - the horn of Geryon
   (You took it off Geryon in the Vestibule of Hell)
 M - a box of beasts
   (You found it in a Gauntlet)

Dungeon Overview and Level Annotations

Branches:
Dungeon (15/15)            Temple (1/1) D:7            Lair (5/5) D:8
  Swamp (4/4) Lair:3       Spider (4/4) Lair:3        Slime (5/5) Lair:5
    Orc (2/2) D:10            Elf (3/3) Orc:2        Vaults (5/5) D:13
  Crypt (3/3) Vaults:3       Tomb (0/3) Crypt:3      Depths (4/4) D:15
   Hell (visited)             Dis (0/7) Hell            Geh (0/7) Hell
    Coc (7/7) Hell            Tar (0/7) Hell            Zot (5/5) Depths:4
Ossuary (visited)           IceCv (visited)         Volcano (visited)
Gauntlet (visited)

Altars:
Ashenzari
Cheibriados
Dithmenos
Elyvilon
Fedhas
Gozag
Hepliaklqana
Kikubaaqudgha
Makhleb
Nemelex Xobeh
Okawaru
Qazlal
Ru
Sif Muna
Trog
Uskayaw
Vehumet
Wu Jian
Xom
Yredelemnul
Zin
The Shining One
Jiyva

Shops:
D:2 [:*   D:4 =   D:5 ?   D:8 [=((![   D:10 =   Orc:2 (=[((   Elf:2 [
Crypt:1 *   Depths:1 (*(!   Depths:2 :

Portals:
Hell: Depths:1 Depths:2 Depths:3 Depths:4
Abyss: Depths:2 Depths:3
Pandemonium: Depths:2 Depths:4
Ziggurat: Depths:2

Annotations:
D:15 Azrael
Elf:2 5 runed translucent doors
Crypt:1 3 runed translucent doors, exclusion: obsidian statue, Salub's ghost, adept MiFi
Zot:5 6 transporters, exclusion: obsidian statue

........bb.....###.## #..# #...
.##.b[..#......#...# #.## #...
........#......#...# #.######...
........##.....#...# #.........#
..J..b..####.......####.....>...#
#.#.................##........###
#..#.....g###+++'++.##........#
##.รท..###.#..+....+.##........#
###..........+..v.'.##....>...#
.............+....+..#........#
###..........+....+...........###
##..........++++++.#............
##..........##...................
##..........##.......#.##........
...######.####..#.#..#..#........
#########.......................(
.โ€
...............................


There were no monsters in sight!


Message History

๐Ÿ˜• HP[+1]
You fly upwards.
There is a stone staircase leading down here. ๐Ÿ˜• HP[+3] MP[+1]
You regained 3 hp, and now have 122/133 hp.
There is a stone staircase leading down here.
A Brimstone Fiend comes into view. ๐Ÿ˜• HP[+7] MP[+1]
You regained 7 hp, and now have 129/133 hp.
Your mp is fully restored (45).
Blink to where?
Press: ? - help, Dir - move target
As you read the scroll of blinking {!r}, it crumbles to dust.
The Brimstone Fiend moves out of view. ๐Ÿ˜• HP[+1]
You feel yourself speed up. ๐Ÿ˜• HP[+1] ๐Ÿ˜• HP[+1] ๐Ÿ˜Ž HP[+1]
Your hp is fully restored (133).
There is a stone staircase leading up here.
You fly upwards.
There is a stone staircase leading down here. "This place needs a little more atmosphere."
There is a stone staircase leading up here.
You fly upwards.
There is a stone staircase leading down here.
Your extra speed is starting to run out.
You feel yourself slow down.
There is an open door here.
There is an open door here.
There is a stone staircase leading up here.
You fly upwards.
There is a stone staircase leading down here.
There is a stone staircase leading up here.
You fly upwards.
There is a stone staircase leading down here.
There is an open door here.
A red devil comes into view. It is wielding a +0 trident.
Aiming: Blinkbolt
Press: ? - help, Dir - move target, f - red devil
Aim: a red devil, wielding a +0 trident (94% to hit)
The shock of your passage hits the red devil!!!
You kill the red devil!
You blink.
A Fell, a small abomination and a soul eater come into view.
The small abomination moves out of view.
The soul eater moves out of view.
There is a stone staircase leading up here.
You fly upwards.
You feel energetic enough to blinkbolt again.
There is a stone staircase leading down here.
There is an open door here.
There is a stone staircase leading up here.
You fly upwards.
There is a stone staircase leading down here.
Unknown command.
Aiming: Dig
Press: ? - help, Shift-Dir - straight line You can't see that place. [a rock wall.]
Okay, then.
There is an open door here.
Your trail of clouds dissipates.
There is an open door here.
There is a stone staircase leading down here.
You fly downwards.
There is a stone staircase leading up here.
There is a stone staircase leading up here.
You fly upwards.
There is a stone staircase leading down here.
There is an open door here.
You reach down and open the door.
There is an open door here.
There is an open door here.
There is an open door here.
There is a stone staircase leading up, spattered with blood here.
You fly upwards.
There is a stone staircase leading down here.
Items here: )) [[.
You see here a +0 club.
You see here a +0 trident.
Aiming: Dig
Press: ? - help, Shift-Dir - straight line A rock wall.
This square is covered in magical glow.
You feel a surge of power!
The rock shatters into small pieces. ๐Ÿ˜Ž MP[-3]
You lost 3 mp, and now have 42/45 mp. ๐Ÿ˜Ž MP[+1] ๐Ÿ˜Ž MP[+1]
There is a stone staircase leading up here.
You fly upwards.
There is a stone staircase leading down here. ๐Ÿ˜Ž MP[+1]
Your mp is fully restored (45).
You reach down and open the door.
There is an open door here.
There is a staircase leading out of the dungeon here.
You have escaped!

Skill      XL: |  1  2  3  4  5  6  7  8  9 10 11 12 13 14 15 16 17 18 19 20 21 22 23 24 25 26 27 |
---------------+----------------------------------------------------------------------------------+-----
Stealth        | 1 2 3 4 5 6 12 18 27 | 27.0
Fighting       | 4 5 6 9 10 12 13 14 15 16 17 18 19 20 21 22 23 26 | 26.8
Unarmed Combat | 4 5 6 8 13 15 16 17 18 19 20 21 23 24 26 | 26.8
Dodging        | 8 9 10 11 13 14 15 16 18 20 21 | 21.9
Shapeshifting  | 5 6 10 12 14 16 19 23 25 26 27 | 27.0
Evocations     | 2 6 8 9 11 | 11.2
Translocations | 8 11 13 15 16 18 19 | 19.0
Air Magic      | 2 5 6 7 8 |  8.0
Spellcasting   | 3 5 6 8 10 13 | 13.7

Action                     |  1- 3 |  4- 6 |  7- 9 | 10-12 | 13-15 | 16-18 | 19-21 | 22-24 | 25-27 || total
---------------------------+-------+-------+-------+-------+-------+-------+-------+-------+-------++-------
  Melee: Unarmed           |   146 |   203 |   173 |   563 |  1184 |  1304 |  1371 |  1188 |  2398 ||  8530
         Bite              |    15 |    21 |    21 |    72 |   170 |   196 |   239 |   111 |       ||   845
         Punch             |     5 |     7 |    13 |    66 |   145 |   182 |   271 |   180 |   308 ||  1177
         Headbutt          |       |    25 |    37 |   152 |   293 |   338 |   420 |   128 |       ||  1393
         Tailslap          |       |       |       |       |       |       |       |    57 |       ||    57
   Cast: Vhi's Electric Ch |       |       |       |       |     3 |    86 |    64 |    70 |    13 ||   236
         Teleport Other    |       |       |       |       |       |     2 |     1 |       |       ||     3
         Passage of Golubr |       |       |       |       |       |     1 |       |     1 |       ||     2
         Manifold Assault  |       |       |       |       |       |       |       |   148 |   545 ||   693
         Dispersal         |       |       |       |       |       |       |       |     2 |       ||     2
Ability: Evoke Blink       |       |       |       |       |       |       |     1 |       |     1 ||     2
         Breathe Fire      |       |       |       |       |       |       |       |     2 |       ||     2
         Blinkbolt         |       |       |       |       |       |       |       |     8 |    54 ||    62
  Evoke: Wand              |       |       |     3 |       |    14 |    19 |    76 |       |     3 ||   115
         Condenser vane    |       |       |       |       |     2 |     4 |     1 |     1 |     1 ||     9
         Box of beasts     |       |       |       |       |     1 |     1 |     2 |       |       ||     4
         Phantom mirror    |       |       |       |       |       |     2 |       |       |     2 ||     4
         Horn of Geryon    |       |       |       |       |       |       |       |       |     1 ||     1
    Use: Potion            |     2 |     3 |     1 |       |     6 |    12 |     3 |     6 |    20 ||    53
         Scroll            |     1 |     9 |     6 |     6 |    18 |    18 |     8 |     9 |    18 ||    93
   Stab: Sleeping          |     6 |    12 |     9 |    17 |    24 |     5 |    17 |    19 |    14 ||   123
         Distracted        |       |     1 |     1 |     4 |     8 |     9 |    10 |     3 |    20 ||    56
         Invisible         |       |       |     2 |       |       |       |       |       |     9 ||    11
         Confused          |       |       |       |     4 |     4 |     4 |     1 |       |     6 ||    19
         Petrified         |       |       |       |     1 |     1 |       |     2 |     2 |       ||     6
         Paralysed         |       |       |       |     1 |     5 |     2 |    20 |       |     3 ||    31
         Petrifying        |       |       |       |       |     4 |       |     5 |     1 |       ||    10
 Armour: Skin              |    52 |    55 |    64 |   173 |   371 |   455 |   300 |   378 |   322 ||  2170
  Dodge: Dodged            |   134 |   136 |   135 |   527 |  1319 |  1360 |  1403 |   832 |  1881 ||  7727
  Block: Other             |       |       |       |       |       |   101 |    35 |    20 |       ||   156
   Form: Beast             |       |       |     1 |       |     1 |     1 |     1 |       |       ||     4
         Blade             |       |       |       |       |     3 |     1 |     1 |       |       ||     5
                           |       |       |       |       |     1 |       |       |       |       ||     1
         Dragon            |       |       |       |       |       |       |       |     1 |       ||     1
         Statue            |       |       |       |       |       |       |       |     2 |       ||     2
         Storm             |       |       |       |       |       |       |       |     2 |       ||     2

Levels and vault maps discovered:
D:1:      lightli_arrival_maybe_door_vault, layout_rooms
D:2:      layout_basic, serial_shops, shop, nicolae_shop_tiny_waterfront, shop,
          uniq_robin
D:3:      layout_basic, minmay_statues_item
D:4:      layout_loops_corners, tgw_xom, fiery_altar_vehumet,
          gup_ossuary_entry_pyramid, serial_shops, nicolae_lakefront_shop,
          chequers_hall_statues_wall_a, uniq_menkaure, uniq_duvessa
D:5:      layout_gridville, lemuel_doored_altar, nicolae_nh_oracle_at_delphi,
          uniq_pikel
D:6:      lemuel_ice_spiral_2, layout_basic, nicolae_overflow_hidden_temple,
          mainiacjoe_overflow_tiny_flanked, minivault_23, grunt_ministairs_7,
          uniq_jeremiah, uniq_blork_the_orc
D:7:      layout_gridville, kennysheep_slug_shrine,
          minmay_temple_entry_glassed_door, supply_closet_lemuel,
          kennysheep_generic_room_5
D:8:      layout_loops_corners, minmay_lair_entry_grove, serial_shops,
          nicolae_shop_trees, shop, shop, nicolae_diamond_shop, shop,
          kennysheep_windowed_goal, uniq_psyche
D:9:      layout_big_octagon, bloody_makhleb, mainiacjoe_overflow_24_doors,
          serial_bayou_pond_a, minmay_diced_spiral, uniq_amaemon, uniq_grum
D:10:     layout_gridville, lemuel_crystal_altar, mainiacjoe_overflow_chevrons,
          orc_0_dummy, serial_shops, nicolae_shop_tiny_glass, dk_vineyard_3
D:11:     layout_roguey, minmay_ruined_shrine, uniq_maurice, uniq_erica
D:12:     layout_gridville, fedhas_altar_2
D:13:     layout_loops_ring, hellmonk_vaults_attempted_burglary
D:14:     minmay_angry_zag, layout_small_grid, st_stairs_12, uniq_rupert
D:15:     grunt_enter_depths_hoard, layout_irregular_city, minmay_misc_feat_x,
          portal_ice_cave_entry_pillars_three, gauntlet_entry_generic,
          amcnicky_mini_rare_corridor_liquid, uniq_azrael
Temple:   hellmonk_temple_forest_ring
Lair:1:   layout_layer_cave
Lair:2:   layout_loops_ring, cheibrodos_lair_caveside_slide, grunt_megastairs_4
Lair:3:   layout_chaotic_city, skrybe_swamp_entry_bodies,
          nicolae_spider_entry_non_spiders, serial_bayou_shore_a, uniq_urug,
          uniq_kirke
Lair:4:   layout_roguey, nicolae_volcano_entry_batcave
Lair:5:   minmay_lair_end_frog_pond, layout_concentric_octagons, slime_entry_1,
          kennysheep_abandoned_house
Swamp:1:  layout_basic_swamp, nicolae_swamp_tree_designs
Swamp:2:  layout_basic_swamp, evilmike_swamp_ruin_house_4, swamp_pool_5
Swamp:3:  layout_falls_marsh, evilmike_swamp_ruin_house_1,
          infiniplex_staircase_pool, nicolae_swamp_decorative_isthmus
Swamp:4:  swamp_basic_johnstein, layout_basic_swamp
Spider:1: layout_spider_delve
Spider:2: nicolae_spider_hilbert_zone_3 [nicolae_spider_hilbert_4_sides_2_open,
          nicolae_spider_hilbert_3_sides_1_open,
          nicolae_spider_hilbert_3_sides_1_open,
          nicolae_spider_hilbert_3_sides_1_open,
          nicolae_spider_hilbert_3_sides_1_open,
          nicolae_spider_hilbert_4_sides_1_open,
          nicolae_spider_hilbert_4_sides_1_open,
          nicolae_spider_hilbert_4_sides_1_open,
          nicolae_spider_hilbert_4_sides_1_open,
          nicolae_spider_hilbert_4_sides_1_open,
          nicolae_spider_hilbert_4_sides_1_open,
          nicolae_spider_hilbert_4_sides_1_open,
          nicolae_spider_hilbert_4_sides_1_open,
          nicolae_spider_hilbert_3_sides_1_open,
          nicolae_spider_hilbert_3_sides_1_open,
          nicolae_spider_hilbert_3_sides_1_open,
          nicolae_spider_hilbert_3_sides_1_open], nicolae_spider_bzzzt
Spider:3: layout_spider_delve
Spider:4: floodkiller_spider_rune_tomb, uniq_mara
Slime:1:  layout_caves, nicolae_slime_getting_an_eyeful
Slime:2:  layout_caves
Slime:3:  layout_caves
Slime:4:  layout_caves
Slime:5:  slime_pit_nicolae_block_by_block
Orc:1:    layout_diamond_mine
Orc:2:    grunt_orc_community_town_hall, layout_caves,
          grunt_orc_community_big_house_1, grunt_orc_community_big_house_1,
          grunt_orc_community_house_3, grunt_orc_community_house_2,
          grunt_orc_community_house_1, grunt_orc_community_house_3,
          grunt_orc_community_house_2, basic_altar, serial_shops, shop,
          uniq_snorg, uniq_sonja
Elf:1:    elf_arrival_001, layout_rooms, basic_altar,
          kennysheep_underground_church, nicolae_elf_big_sculpture_3,
          uniq_norris
Elf:2:    elven_hall_of_blades_hangedman_alternative
          [nooodl_blade_entry_preview], layout_rooms, serial_shops, shop,
          columned_hall_lemuel, uniq_donald, uniq_asterion
Elf:3:    grunt_elf_hall_branching, layout_gridlike, grunt_megastairs_1
Vaults:1: nicolae_vaults_trapezoid_2, ontoclasm_vaults_ligature,
          hangedman_vaults_unwind, v_misc_1, nicolae_vaults_little_squares_6,
          nicolae_vaults_shrinking_rooms_1, nicolae_vaults_surprise_closet,
          nicolae_vaults_trapezoid_2, special_room_vaults [special_room_orc],
          ontoclasm_vaults_fault, nicolae_vaults_trapezoid_1,
          grunt_vaults_swirl, vaults_room_ringed_pool, layout_vaults_omnibox
Vaults:2: ontoclasm_vaults_misaligned, nicolae_vaults_diagonal_hallway_8,
          grunt_vaults_focal, vaults_room_large_hall, vaults_dpeg_doors,
          hangedman_vaults_nails, nicolae_vaults_tangram_2, vaults_mumra_hex,
          nicolae_vaults_library_corner, nicolae_vaults_tetromino_T_1,
          hangedman_vaults_cutoff, nicolae_vaults_six-pack, grunt_vaults_funnel,
          nicolae_vaults_closet_pinwheel_1, vaults_dpeg_ring, layout_vaults_ring
Vaults:3: nicolae_vaults_shipping_containers_7,
          minmay_crypt_entry_skeletal_spiral, nicolae_vaults_weapon_check,
          dpeg_vaults_monster_box, nicolae_vaults_apartment_1,
          vaults_room_hallway, v_rooms_4, nicolae_vaults_specimen_jars,
          v_misc_9, nicolae_vaults_heart-shaped_vault, layout_vaults_omnigrid
Vaults:4: nicolae_vaults_circle_grid_a, nicolae_vaults_wine_cellar,
          nicolae_vaults_minivaults, nicolae_vaults_inception_scallops,
          v_alt_pattern_6, ontoclasm_vaults_eye, nicolae_vaults_prndl,
          hangedman_vaults_capsules, nicolae_vaults_stairing_the_circle,
          nicolae_vaults_tangram_2, nicolae_vaults_layer_cake_slice,
          grunt_vaults_twisty, nicolae_vaults_tetromino_Z_2,
          layout_vaults_big_cross
Vaults:5
Crypt:1:  layout_gridlike, ebering_ghost_gozag, nzn_life_drinkers, uniq_zenata
Crypt:2:  layout_gridlike, small_chamber_with_monster, lemuel_upstairs_altar,
          grunt_megastairs_5
Crypt:3:  cryptofortress_bobbens
Depths:1: layout_honeycomb, nicolae_hexahallways, serial_shops, shop,
          nicolae_shop_tiny_statue_garden, shop,
          nicolae_shop_bloodbath_and_beyond, hellmouth_1,
          lemuel_zombie_altar_yredelemnul, uniq_sojobo
Depths:2: cheibrodos_salmonella, layout_cave_shapes, enter_ziggurat_d,
          roderic_serpentine_path, rand_demon_pan_entry_8, serial_shops,
          nicolae_lakefront_shop, hell_entry, hangedman_abyss_entry_splay,
          serial_bayou_lagoon_b
Depths:3: hangedman_screamer, layout_basic, hellmouth_3, abyss_entry,
          infiniplex_staircase_zigzag_3
Depths:4: grunt_zot_entry_pinwheel, layout_basic, good_gods_mini_temple,
          pf_hell_entry_tar_river, rand_demon_pan_entry_4, uniq_boris
Hell
Coc:1:    layout_cocytus_water_paths
Coc:2:    layout_ice_bergs
Coc:3:    layout_cocytus_delve, serial_ice, serial_ice_n, serial_ice_d
Coc:4:    layout_cocytus_water_paths
Coc:5:    layout_ice_bergs
Coc:6:    layout_cocytus_water_paths
Coc:7:    coc_old
Zot:1:    ebering_greatest_show_in_zot, layout_misc_corridors,
          lemuel_lake_of_fire, uniq_josephina, uniq_vv
Zot:2:    regret_index_qazlal_generations, layout_basic
Zot:3:    layout_misc_corridors, regret_index_zotdec_stipple_waver,
          nicolae_rock_paper_scissors, uniq_grunn
Zot:4:    layout_basic
Zot:5:    layout_misc_corridors, st_stairs_3, serial_nicolae_subway,
          nicolae_sub_station_crystal, nicolae_sub_station_metal,
          nicolae_sub_station_stone

Notes
Turn   | Place    | Note
-------+----------+-------------------------------------------
     0 | D:1      | Skeral the Felid Chaos Knight began the quest for the Orb.
     0 | D:1      | Reached XP level 1. HP: 10/10 MP: 2/2
     0 | D:1      | magus.rc [v1.10.3]
    79 | D:1      | Reached skill level 1 in Stealth
    96 | D:1      | Reached XP level 2. HP: 14/14 MP: 3/3
   113 | D:1      | HP: 3/14 [dart slug (1)]
   116 | D:1      | HP: 1/14 [poisoned by a kobold]
   117 | D:1      | Succumbed to a kobold's poison
   283 | D:1      | HP: 3/14 [frozen (4)]
   316 | D:1      | XOM: silly message
   397 | D:1      | Reached skill level 2 in Stealth
   462 | D:1      | Reached XP level 3. HP: 14/17 MP: 4/4
   530 | D:1      | XOM: butterfly on damage
   672 | D:2      | XOM: silly message
   714 | D:2      | Found Cenen's Assorted Antiques.
   714 | D:2      | XOM: 3-stop teleportation journey
   724 | D:2      | Noticed Robin
   754 | D:2      | HP: 4/17 [goblin/+0 club[Robin] (6)]
   864 | D:2      | Found Egohal's Book Shoppe.
   896 | D:2      | XOM: cast spell 'Leda's Liquefaction'
   899 | D:2      | XOM: cast spell 'Summon Mana Viper'
   901 | D:2      | Reached XP level 4. HP: 17/22 MP: 5/5
   936 | D:2      | XOM: silly message
   970 | D:2      | Found Boirr's Armour Shoppe.
  1024 | D:2      | Reached skill level 3 in Stealth
  1183 | D:2      | XOM: blink monster(s)
  1266 | D:2      | Bought a smoky coppery potion for 27 gold pieces
  1266 | D:2      | Bought a fuming cyan potion for 27 gold pieces
  1577 | D:3      | XOM: 3-stop teleportation journey
  1718 | D:3      | XOM: fake destruction
  1757 | D:2      | HP: 4/22 [iguana (14)]
  1779 | D:2      | XOM: summons friendly crimson imp
  1799 | D:2      | XOM: swap monsters
  1805 | D:2      | Reached skill level 4 in Fighting
  1805 | D:2      | Reached skill level 4 in Unarmed Combat
  1837 | D:2      | XOM: noise
  1896 | D:3      | Reached XP level 5. HP: 21/25 MP: 6/6
  1901 | D:2      | HP: 4/25 [orc wizard/puff of flame (6)]
  1904 | D:2      | XOM: blink monster(s)
  1983 | D:3      | Reached skill level 4 in Stealth
  2171 | D:3      | XOM: 8-stop teleportation journey
  2201 | D:3      | You add the spells Gell's Gravitas, Teleport Other and
                  | Dispersal to your library.
  2276 | D:3      | XOM: 2-stop teleportation journey
  2718 | D:3      | Identified a scroll of acquirement
  2862 | D:4      | Found Vaufaun's Jewellery Shoppe.
  2890 | D:4      | magus.rc [v1.10.3]
  2913 | D:4      | Acquired a manual of Unarmed Combat
  2931 | D:4      | Found a sand-covered staircase.
  3121 | D:4      | XOM: give mutations
  3121 | D:4      | Gained mutation: You have a pair of small horns on your
                  | head. [Xom's mischief]
  3121 | D:4      | Gained mutation: You are partially covered in iridescent
                  | scales. (AC +2) [Xom's mischief]
  3121 | D:4      | Gained mutation: You are mostly covered in iridescent
                  | scales. (AC +4) [Xom's mischief]
  3121 | D:4      | Lost mutation: You are mostly covered in iridescent scales.
                  | (AC +4) [Xom's mischief]
  3173 | Ossuary  | Entered an ossuary
  3205 | Ossuary  | XOM: confusion
  3211 | Ossuary  | Reached skill level 5 in Unarmed Combat
  3211 | Ossuary  | Gained mutation: You are covered in thick fur. (AC +2)
                  | [Felid growth]
  3211 | Ossuary  | Reached XP level 6. HP: 27/30 MP: 7/7
  3216 | Ossuary  | Reached skill level 5 in Fighting
  3244 | Ossuary  | XOM: enchant monster (bad)
  3250 | Ossuary  | HP: 5/30 [water moccasin zombie (5)]
  3252 | Ossuary  | XOM: fog
  3258 | Ossuary  | Reached skill level 6 in Unarmed Combat
  3369 | Ossuary  | Reached XP level 7. HP: 12/34 MP: 8/8
  3494 | Ossuary  | Reached skill level 6 in Fighting
  3494 | Ossuary  | Reached skill level 7 in Unarmed Combat
  3505 | Ossuary  | HP: 7/34 [hornet zombie (10)]
  3711 | Ossuary  | Reached skill level 8 in Unarmed Combat
  3908 | Ossuary  | Reached XP level 8. HP: 22/39 MP: 9/9
  4002 | Ossuary  | Reached skill level 7 in Fighting
  4071 | D:4      | Noticed Dowan
  4096 | D:4      | XOM: noise
  4185 | D:4      | Found a radiant altar of Vehumet.
  4422 | D:4      | Noticed Duvessa
  4443 | D:4      | XOM: swap monsters
  4446 | D:4      | XOM: enchant monster (good)
  4533 | D:4      | XOM: divination: magic mapping
  4564 | D:4      | Noticed Menkaure
  4567 | D:4      | XOM: silly message
  4573 | D:4      | Killed Menkaure
  4574 | D:4      | Reached skill level 9 in Unarmed Combat
  4578 | D:4      | XOM: summons 4 friendly demons
  4663 | D:4      | XOM: enchant monster (bad)
  4752 | D:4      | XOM: 2-stop teleportation journey
  4871 | D:4      | Found a shimmering altar of Xom.
  4923 | D:5      | Entered Level 5 of the Dungeon
  5002 | D:5      | XOM: butterfly on damage
  5068 | D:5      | XOM: 7-stop teleportation journey
  5073 | D:5      | Reached skill level 10 in Unarmed Combat
  5103 | D:5      | Reached skill level 8 in Fighting
  5140 | D:5      | You pick up a book of Dreams and begin reading...
  5140 | D:5      | You add the spells Jinxbite, Ensorcelled Hibernation and
                  | Anguish to your library.
  5153 | D:5      | Found The Oracle's Delphic Readings.
  5157 | D:5      | Bought a scroll of identify for 22 gold pieces
  5157 | D:5      | Bought a scroll of identify for 22 gold pieces
  5157 | D:5      | Bought a scroll of identify for 22 gold pieces
  5190 | D:5      | XOM: potion effect (experience)
  5190 | D:5      | Reached skill level 9 in Fighting
  5190 | D:5      | Reached skill level 8 in Dodging
  5190 | D:5      | Reached skill level 13 in Unarmed Combat
  5190 | D:5      | Reached skill level 5 in Shapeshifting
  5190 | D:5      | Reached XP level 9. HP: 46/46 MP: 10/10
  5194 | D:5      | Reached skill level 10 in Fighting
  5452 | D:5      | XOM: silly message
  5454 | D:5      | Found a hazy altar of Hepliaklqana.
  5506 | D:5      | Noticed Pikel
  5509 | D:5      | XOM: cast spell 'Chain of Chaos'
  5529 | D:5      | XOM: confusion (+ monsters)
  5538 | D:5      | Killed Pikel
  5539 | D:5      | Reached skill level 5 in Stealth
  5539 | D:5      | Reached skill level 6 in Shapeshifting
  5551 | D:5      | Reached XP level 10. HP: 27/51 MP: 5/11
  5764 | D:5      | XOM: draining
  5811 | D:5      | You pick up a book of Vapours and begin reading...
  5811 | D:5      | You add the spells Poisonous Vapours, Mephitic Cloud and
                  | Freezing Cloud to your library.
  5904 | D:6      | Noticed Blork the orc
  5905 | D:6      | XOM: chaos cloud
  5906 | D:6      | Paralysed by you for 5 turns
  5910 | D:6      | HP: 9/43 [orc wizard/puff of flame (6)]
  5910 | D:6      | HP: 1/43 [Blork the orc/magic dart (4)]
  5911 | D:6      | Mangled by an orc priest
  5971 | D:6      | Reached skill level 6 in Stealth
  6057 | D:6      | XOM: draining
  6060 | D:6      | Noticed Jeremiah
  6065 | D:6      | Killed Jeremiah
  6139 | D:6      | Found a glowing golden altar of the Shining One.
  6244 | D:6      | Killed Blork the orc
  6496 | D:6      | XOM: give mutation
  6496 | D:6      | Gained mutation: You are dopey. (Int -2) [Xom's mischief]
  6515 | D:6      | Reached skill level 11 in Fighting
  6792 | D:7      | Found a staircase to the Ecumenical Temple.
  6802 | Temple   | Entered the Ecumenical Temple
  7144 | D:7      | Found a snail-covered altar of Cheibriados.
  7318 | D:7      | XOM: summons 1 hostile demon
  7701 | D:8      | Found Mishriur's Jewellery Emporium.
  7756 | D:8      | Noticed Psyche
  7778 | D:8      | Killed Psyche
  7801 | D:8      | Found Tudystre's Weapon Emporium.
  7821 | D:8      | XOM: noise
  7980 | D:8      | Reached skill level 12 in Fighting
  8076 | D:8      | XOM: polymorph wyvern -> blink frog
  8082 | D:8      | Reached skill level 1 in Evocations
  8098 | D:8      | XOM: cleaving
  8122 | D:8      | Reached skill level 2 in Evocations
  8122 | D:8      | Reached XP level 11. HP: 25/57 MP: 7/12
  8165 | D:8      | Found a staircase to the Lair.
  8171 | D:8      | XOM: give mutations
  8171 | D:8      | Gained mutation: You have a pair of horns on your head.
                  | [Xom's grace]
  8171 | D:8      | Gained mutation: You are robust. (+10% HP) [Xom's grace]
  8171 | D:8      | Gained mutation: You have a somewhat thin skeletal
                  | structure. (Dex +2, Stealth+) [Xom's grace]
  8191 | D:8      | XOM: divination: detect items
  8322 | D:8      | Found Oppyhaahay's Antique Armour Shop.
  8458 | D:4      | Killed Duvessa
  8459 | D:4      | Killed Dowan
  8479 | D:4      | Bought an amulet of regeneration for 360 gold pieces
  8754 | D:6      | Found an iron altar of Okawaru.
  8901 | D:8      | Found Hiffyrhu's Armour Boutique.
  8991 | D:8      | XOM: god gift: 6 gold pieces
  9100 | D:8      | Found Enosur's Distillery.
  9105 | D:8      | Bought a potion of might for 56 gold pieces
  9181 | D:8      | Found Walaucag's Antique Weapon Boutique.
  9230 | D:9      | Found a burning altar of Makhleb.
  9246 | D:9      | Noticed Grum
  9267 | D:9      | Noticed Amaemon
  9278 | D:9      | XOM: summons friendly chaos spawn
  9293 | D:9      | Killed Amaemon
  9294 | D:9      | Reached skill level 3 in Evocations
  9332 | D:14     | Identified the of Toivvepp
  9332 | Lair:1   | Entered Level 1 of the Lair of Beasts
  9349 | D:8      | XOM: summons 11 friendly demons
  9451 | D:8      | XOM: scenery: create altars
  9454 | D:8      | XOM: butterfly on damage
  9471 | D:8      | Reached skill level 4 in Evocations
  9481 | D:8      | magus.rc [v1.10.3]
  9537 | D:9      | Reached skill level 14 in Unarmed Combat
  9546 | D:9      | You pick up a book of the Moon and begin reading...
  9546 | D:9      | You add the spells Passage of Golubria, Silence and
                  | Lehudib's Crystal Spear to your library.
  9586 | D:9      | XOM: divination: detect items
  9607 | D:9      | Killed Grum
  9622 | D:9      | XOM: confusion (+ monsters)
  9686 | D:9      | XOM: summons friendly crimson imp
  9692 | D:9      | XOM: cast spell 'Cause Fear'
  9702 | D:9      | XOM: fog
  9707 | D:9      | Reached skill level 5 in Evocations
  9711 | D:9      | XOM: enchant monster (good)
  9742 | D:8      | XOM: god gift: scroll labelled RINOULYGHI {god gift}
  9787 | D:9      | Reached skill level 13 in Fighting
  9795 | D:9      | You pick up a book of Touch and begin reading...
  9795 | D:9      | You add the spells Kiss of Death, Confusing Touch and
                  | Dispel Undead to your library.
  9836 | D:9      | Found a blossoming altar of Fedhas.
  9917 | D:9      | XOM: 4-stop teleportation journey
  9948 | D:9      | You pick up a book of Cantrips and begin reading...
  9948 | D:9      | You add the spells Necrotise, Summon Small Mammal and
                  | Apportation to your library.
 10019 | D:9      | XOM: give mutations
 10019 | D:9      | Gained mutation: You are mostly covered in iridescent
                  | scales. (AC +4) [Xom's mischief]
 10019 | D:9      | Gained mutation: Your muscles are strong. (Str +4, Int/Dex
                  | -1) [Xom's mischief]
 10019 | D:9      | Gained mutation: You possess an exceptional clarity of
                  | mind. [Xom's mischief]
 10073 | D:10     | Entered Level 10 of the Dungeon
 10106 | D:10     | XOM: confuse monster(s)
 10110 | D:10     | XOM: give mutations
 10110 | D:10     | Lost mutation: You are robust. (+10% HP) [Xom's mischief]
 10110 | D:10     | Gained mutation: You are agile. (Dex +4, Str/Int -1) [Xom's
                  | mischief]
 10159 | D:10     | Found Fusol's Jewellery Boutique.
 10299 | D:10     | Noticed a two-headed ogre
 10304 | D:10     | Found a glowing silver altar of Zin.
 10306 | D:10     | Killed a two-headed ogre
 10307 | D:10     | Reached skill level 6 in Evocations
 10332 | D:10     | XOM: cleaving
 10389 | D:10     | Found a staircase to the Orcish Mines.
 10420 | D:10     | Found a shimmering blue altar of Sif Muna.
 10709 | D:10     | XOM: fog
 10717 | D:10     | Reached skill level 15 in Unarmed Combat
 10858 | D:10     | Gained mutation: Your thick and shaggy fur keeps you warm.
                  | (AC +3, rC+) [Felid growth]
 10858 | D:10     | Reached XP level 12. HP: 60/63 MP: 13/13
 11038 | D:11     | Identified the +6 mace of Day {flame, rF++}
 11056 | D:11     | Noticed Maurice
 11064 | D:11     | XOM: chaos upgrade
 11069 | D:11     | Killed Maurice
 11101 | D:11     | Found a sacrificial altar of Ru.
 11115 | D:11     | XOM: divination: magic mapping
 11123 | D:11     | XOM: cleaving
 11191 | D:11     | Noticed Erica
 11198 | D:11     | Killed Erica
 11199 | D:11     | Reached skill level 14 in Fighting
 11375 | D:11     | Reached skill level 7 in Shapeshifting
 11496 | D:11     | You pick up a book of Party Tricks and begin reading...
 11652 | D:11     | You pick up a book of Storms and begin reading...
 11652 | D:11     | You add the spells Static Discharge, Airstrike and Summon
                  | Lightning Spire to your library.
 11816 | D:12     | You fall into a shaft and drop 2 floors!
 11822 | D:14     | Noticed a centaur warrior
 11896 | D:12     | XOM: polymorph deep elf pyromancer -> swamp worm
 11925 | D:12     | XOM: scenery: create altars
 11926 | D:12     | XOM: god gift: potion of curing
 11947 | D:12     | XOM: scenery: 1 doors open
 11976 | D:12     | Found a blossoming altar of Fedhas.
 11984 | D:12     | You pick up a book of Spectacle and begin reading...
 11984 | D:12     | You add the spells Volatile Blastmotes, Dazzling Flash,
                  | Starburst and Maxwell's Capacitive Coupling to your
                  | library.
 12056 | D:12     | Reached skill level 8 in Shapeshifting
 12656 | Lair:1   | XOM: divine lightning
 12680 | Lair:1   | XOM: 2-stop teleportation journey
 12767 | Lair:1   | Reached skill level 9 in Shapeshifting
 12778 | Lair:1   | XOM: 9-stop teleportation journey
 12820 | Lair:1   | XOM: 4-stop teleportation journey
 12961 | Lair:1   | XOM: smoke on damage
 13061 | Lair:1   | XOM is BORED!
 13213 | Lair:1   | Reached skill level 10 in Shapeshifting
 13552 | Lair:2   | XOM: silly message
 13674 | Lair:2   | XOM: noise
 13675 | Lair:2   | XOM: polymorph skyshark -> sea snake
 13759 | Lair:2   | Noticed an eight-headed hydra
 13765 | Lair:2   | Killed an eight-headed hydra
 13800 | Lair:2   | Reached skill level 9 in Dodging
 13852 | Lair:2   | XOM: cloud trail
 13887 | Lair:2   | XOM: summons 12 friendly demons
 14033 | Lair:2   | XOM: god gift: potion of heal wounds
 14108 | Lair:3   | Reached XP level 13. HP: 56/67 MP: 14/14
 14208 | Lair:3   | You pick up a book of Cantrips and begin reading...
 14295 | Lair:3   | Found a hole to the Spider Nest.
 14523 | Lair:3   | Noticed Urug
 14620 | Lair:3   | Found a staircase to the Swamp.
 14628 | Lair:3   | XOM: divine lightning
 14742 | Lair:3   | Reached skill level 10 in Dodging
 14795 | Lair:3   | Noticed Kirke
 14807 | Lair:3   | XOM: destruction
 14893 | Lair:3   | XOM: summons friendly shadow imp
 14923 | Lair:3   | XOM: cleaving
 14941 | Lair:3   | XOM: fake destruction
 14942 | Lair:3   | XOM: scenery: 1 doors close
 14943 | Lair:3   | XOM: cleaving
 14947 | Lair:3   | Killed Kirke
 15132 | Lair:4   | XOM: scenery: 1 doors open, 1 doors close
 15148 | Lair:4   | XOM: destruction
 15150 | Lair:4   | XOM: summons friendly ufetubus
 15152 | Lair:4   | XOM: give mutations
 15152 | Lair:4   | Gained mutation: You expend magic power (3 MP) to
                  | strengthen your wands. [Xom's mischief]
 15152 | Lair:4   | Lost mutation: You possess an exceptional clarity of mind.
                  | [Xom's mischief]
 15152 | Lair:4   | Lost mutation: You have a pair of horns on your head.
                  | [Xom's mischief]
 15158 | Lair:4   | XOM: silly message
 15167 | Lair:4   | Reached skill level 15 in Fighting
 15340 | Lair:4   | Found a dark tunnel.
 15360 | Volcano  | Entered a volcano
 15453 | Volcano  | Noticed a red draconian
 15628 | Lair:4   | Reached skill level 16 in Unarmed Combat
 15684 | Lair:4   | XOM: draining
 15697 | Lair:4   | XOM: polymorph seven-headed hydra -> glowing shapeshifter
 15698 | Lair:4   | XOM: fake destruction
 15734 | Lair:4   | XOM: noise
 16017 | Lair:5   | Entered Level 5 of the Lair of Beasts
 16022 | Lair:5   | XOM: silly message
 16028 | Lair:5   | XOM: polymorph cane toad -> elephant
 16132 | Lair:5   | XOM: give mutation
 16132 | Lair:5   | Lost mutation: You have a somewhat thin skeletal structure.
                  | (Dex +2, Stealth+) [Xom's mischief]
 16171 | Lair:5   | XOM: confuse monster(s)
 16177 | Lair:5   | XOM: noise
 16185 | Lair:5   | XOM: enchant monster (bad)
 16229 | Lair:5   | XOM: silly message
 16287 | Lair:5   | XOM: confusion
 16290 | Lair:4   | magus.rc [v1.10.3]
 16301 | Lair:4   | XOM: repel stairs
 16304 | Lair:4   | XOM: give mutation
 16304 | Lair:4   | Lost mutation: Your muscles are strong. (Str +4, Int/Dex
                  | -1) [Xom's mischief]
 16329 | Lair:4   | XOM: fog
 16370 | Lair:5   | XOM: cleaving
 16376 | Lair:5   | XOM: divination: detect items
 16402 | Lair:5   | XOM: summons 7 friendly demons
 16415 | Lair:5   | XOM: summons 5 friendly demons
 16449 | Lair:5   | XOM: polymorph shadow imp -> cerulean imp
 16534 | Lair:5   | XOM: summons friendly ufetubus
 16616 | Lair:5   | XOM: confuse monster(s)
 16618 | Lair:5   | XOM: enchant monster (good)
 16626 | Lair:5   | Reached XP level 14. HP: 66/74 MP: 15/15
 16632 | Lair:5   | XOM: enchant monster (good)
 16633 | Lair:5   | XOM: 1-stop teleportation journey
 16654 | Lair:5   | Reached skill level 16 in Fighting
 16677 | Lair:5   | Found a viscous altar of Jiyva.
 16677 | Lair:5   | Found a staircase to the Slime Pits.
 16893 | Lair:5   | XOM: cast spell 'Summon Small Mammal'
 16910 | Lair:5   | XOM: divination: detect items
 16921 | Lair:5   | XOM: confuse monster(s)
 16922 | Lair:5   | XOM: cast spell 'Disjunction'
 16947 | Lair:5   | XOM: summons 11 friendly demons
 16953 | Lair:5   | Reached skill level 17 in Unarmed Combat
 17043 | Lair:5   | XOM: fog
 17159 | Lair:5   | XOM: cleaving
 17160 | Lair:5   | XOM: summons friendly shadow imp
 17232 | Lair:5   | XOM: enchant monster (bad)
 17406 | Lair:5   | XOM: cast spell 'Summon Ice Beast'
 17431 | Lair:5   | Identified the +4 scale mail of the Trombone {Int+5}
 17451 | Lair:5   | XOM: give mutation
 17451 | Lair:5   | Lost mutation: You are agile. (Dex +4, Str/Int -1) [Xom's
                  | mischief]
 17641 | Orc:1    | Entered Level 1 of the Orcish Mines
 17642 | Orc:1    | XOM: 1-stop teleportation journey
 17704 | Orc:1    | XOM: destruction
 17958 | Orc:2    | Entered Level 2 of the Orcish Mines
 17973 | Orc:2    | Noticed Snorg
 17999 | Orc:2    | Killed Snorg
 18025 | Orc:2    | XOM: cloud trail
 18027 | Orc:2    | Learned a level 3 spell: Teleport Other
 18058 | Orc:2    | Found a staircase to the Elven Halls.
 18167 | Orc:2    | Noticed Sonja
 18258 | Orc:2    | Reached skill level 1 in Translocations
 18271 | Orc:2    | Found Xeashedi's Weapon Shoppe.
 18425 | Orc:2    | Reached skill level 2 in Translocations
 18465 | Orc:2    | Killed Sonja
 18466 | Orc:2    | XOM: blink monster(s)
 18616 | Orc:1    | Reached skill level 3 in Translocations
 18695 | Orc:2    | XOM: cast spell 'Discord'
 18699 | Orc:2    | Found Kuwk's Weapon Emporium.
 18744 | Orc:2    | Found Cemalack's Jewellery Shop.
 18957 | Orc:2    | XOM: enchant monster (bad)
 18977 | Orc:2    | Noticed an orc warlord
 18981 | Orc:2    | Reached skill level 4 in Translocations
 19072 | Orc:2    | XOM: swap monsters
 19074 | Orc:2    | Killed an orc warlord
 19219 | Orc:2    | Found Mapnad's Antique Weapon Boutique.
 19232 | Orc:2    | Found Bayqoras's Antique Armour Shop.
 19300 | Orc:2    | XOM: give mutations
 19300 | Orc:2    | Gained mutation: You have a pair of horns on your head.
                  | [Xom's mischief]
 19300 | Orc:2    | Gained mutation: You have very sharp fingernails. [Xom's
                  | mischief]
 19300 | Orc:2    | Gained mutation: Your body sometimes deteriorates upon
                  | taking damage. [Xom's mischief]
 19314 | Orc:2    | XOM: confusion
 19340 | Orc:2    | XOM: scenery: create altars
 19513 | D:4      | XOM: silly message
 19538 | D:4      | Bought a blade talisman for 360 gold pieces
 19630 | D:2      | Killed Robin
 19656 | D:2      | Bought Maxwell's Memoranda for 520 gold pieces
 19656 | D:2      | You add the spells Vhi's Electric Charge and Arcjolt to
                  | your library.
 19661 | D:2      | Learned a level 4 spell: Passage of Golubria
 19666 | D:2      | Learned a level 4 spell: Vhi's Electric Charge
 19940 | D:12     | XOM: divination: magic mapping
 20032 | D:13     | XOM: silly message
 20035 | D:13     | Reached skill level 5 in Translocations
 20109 | D:13     | XOM: divination: magic mapping
 20123 | D:13     | XOM: enchant monster (bad)
 20172 | D:13     | Reached skill level 1 in Air Magic
 20309 | D:13     | Reached skill level 6 in Translocations
 20317 | D:13     | XOM: divination: magic mapping
 20346 | D:13     | XOM: butterfly on damage
 20471 | D:13     | XOM: divination: detect items
 20497 | D:13     | Found a gate to the Vaults.
 20745 | D:14     | XOM: divination: detect items
 20761 | D:14     | Reached skill level 11 in Dodging
 20761 | D:14     | Reached skill level 7 in Translocations
 20879 | D:14     | Reached skill level 2 in Air Magic
 20915 | D:14     | XOM: cast spell 'Leda's Liquefaction'
 20945 | D:14     | XOM: potion effect (attraction)
 20971 | D:14     | XOM: 2-stop teleportation journey
 20997 | D:14     | XOM: divination: magic mapping
 21146 | D:14     | Noticed Rupert
 21154 | D:14     | Killed Rupert
 21155 | D:14     | Reached skill level 8 in Translocations
 21312 | D:14     | HP: 12/75 [efreet/+3 scimitar of flaming (18)]
 21316 | D:14     | Reached XP level 15. HP: 45/79 MP: 16/16
 21340 | D:14     | XOM: divination: detect items
 21346 | D:14     | Reached skill level 3 in Air Magic
 21355 | D:14     | XOM: give mutation
 21355 | D:14     | Gained mutation: You are robust. (+10% HP) [Xom's mischief]
 21404 | D:14     | Reached skill level 9 in Translocations
 21524 | D:14     | magus.rc [v1.10.3]
 21525 | D:15     | Entered Level 15 of the Dungeon
 21526 | D:15     | Found a staircase to the Depths.
 21559 | D:15     | Found a frozen archway.
 21571 | D:15     | Found a gate leading to a gauntlet.
 21594 | Gauntlet | Entered a Gauntlet
 21594 | Gauntlet | Found a transporter.
 21602 | Gauntlet | Found a transporter.
 21604 | Gauntlet | Found a transporter.
 21606 | Gauntlet | Found a transporter.
 21630 | Gauntlet | Found a transporter.
 21632 | Gauntlet | Found a transporter.
 21643 | Gauntlet | Found a transporter.
 21658 | Gauntlet | Found a transporter.
 21660 | Gauntlet | Found a large runed translucent door.
 21660 | Gauntlet | Found a large runed translucent door.
 21661 | Gauntlet | Found a large runed translucent door.
 21661 | Gauntlet | Found a large runed translucent door.
 21662 | Gauntlet | Found a large runed translucent door.
 21662 | Gauntlet | Found a large runed translucent door.
 21662 | Gauntlet | Found a runed translucent door.
 21662 | Gauntlet | Found a runed translucent door.
 21662 | Gauntlet | Found a large runed translucent door.
 21662 | Gauntlet | Found a large runed translucent door.
 21663 | Gauntlet | Found a large runed translucent door.
 21663 | Gauntlet | Found a large runed translucent door.
 21665 | Gauntlet | Found a transporter.
 21680 | Gauntlet | Found a transporter.
 21696 | Gauntlet | Found a large runed translucent door.
 21697 | Gauntlet | Found a large runed translucent door.
 21698 | Gauntlet | Found a large runed translucent door.
 21699 | Gauntlet | Found a runed translucent gate.
 21700 | Gauntlet | Found a transporter.
 21700 | Gauntlet | Found a runed translucent gate.
 21701 | Gauntlet | Found a runed translucent gate.
 21702 | Gauntlet | Found a large runed translucent door.
 21703 | Gauntlet | Found a large runed translucent door.
 21704 | Gauntlet | Found a large runed translucent door.
 21715 | Gauntlet | Found a transporter.
 21724 | Gauntlet | Found a transporter.
 21736 | Gauntlet | Found a transporter.
 21748 | Gauntlet | Found a transporter.
 21765 | Gauntlet | Found a transporter.
 21783 | Gauntlet | Found a transporter.
 21785 | Gauntlet | Found a transporter.
 21942 | Gauntlet | You pick up a book of Decay and begin reading...
 21942 | Gauntlet | You add the spells Cigotuvi's Dreadful Rot and Death
                  | Channel to your library.
 21946 | Gauntlet | XOM: noise
 21987 | D:15     | Reached skill level 10 in Translocations
 21993 | IceCv    | Entered an ice cave
 22008 | IceCv    | Reached skill level 12 in Dodging
 22096 | IceCv    | HP: 16/86 [spriggan defender simulacrum[an orange crystal
                  | statue] (16)]
 22096 | IceCv    | HP: 2/86 [spriggan defender simulacrum[an orange crystal
                  | statue] (14)]
 22100 | IceCv    | Slain by a spriggan defender simulacrum
 22120 | IceCv    | Reached skill level 4 in Air Magic
 22181 | IceCv    | XOM: divination: magic mapping
 22221 | IceCv    | XOM: summons 5 friendly demons
 22276 | IceCv    | XOM: blink monster(s)
 22360 | IceCv    | XOM: 1-stop teleportation journey
 22371 | IceCv    | XOM: enchant monster (bad)
 22505 | IceCv    | XOM: summons friendly quasit
 22511 | IceCv    | XOM: polymorph juvenile batshock beast -> orb spider
 22594 | IceCv    | XOM: cast spell 'Leda's Liquefaction'
 22598 | IceCv    | Reached skill level 5 in Air Magic
 22691 | IceCv    | XOM: summons 8 hostile demons
 22989 | D:15     | Noticed Azrael
 23009 | D:15     | Reached skill level 1 in Spellcasting
 23153 | D:15     | You pick up a book of Decay and begin reading...
 23162 | D:15     | XOM: butterfly on damage
 23277 | D:15     | Reached skill level 13 in Dodging
 23774 | Swamp:1  | Entered Level 1 of the Swamp
 23877 | Lair:3   | XOM: polymorph goliath frog -> boulder beetle
 24321 | Swamp:1  | XOM: butterfly on damage
 24359 | Lair:3   | XOM: enchant monster (good)
 24362 | Lair:3   | Killed Urug
 24371 | Lair:3   | Reached skill level 2 in Spellcasting
 24462 | Swamp:2  | HP: 20/86 [will-o-the-wisp/foxfire (11)]
 24570 | Swamp:1  | XOM: confuse monster(s)
 24591 | Swamp:1  | XOM: confuse monster(s)
 24662 | Lair:3   | magus.rc [v1.10.3]
 24715 | Spider:1 | Entered Level 1 of the Spider Nest
 24722 | Lair:3   | XOM: fog
 24729 | Lair:3   | XOM: noise
 24729 | Lair:3   | XOM: smoke on damage
 24758 | Spider:1 | XOM: blink monster(s)
 24764 | Spider:1 | HP: 18/85 [pharaoh ant (36)]
 24764 | Spider:1 | HP: 5/85 [wolf spider (13)]
 24766 | Spider:1 | XOM: butterfly on damage
 24888 | Lair:3   | XOM: polymorph wolf spider -> eye of devastation
 24951 | Spider:1 | XOM: fog
 24958 | Spider:1 | Reached skill level 17 in Fighting
 25140 | Spider:1 | Reached skill level 11 in Translocations
 25206 | Spider:1 | XOM: summons friendly iron imp
 25237 | Spider:1 | XOM: god gift: wand of paralysis (7)
 25250 | Spider:1 | a +0 double sword {rare}; 4 stones
 25260 | Spider:1 | XOM: polymorph radroach -> bunyip
 25275 | Spider:1 | XOM: divination: detect creatures
 25292 | Spider:1 | XOM: scenery: summon butterflies
 25308 | Spider:1 | XOM: cast spell 'Chain of Chaos'
 25309 | Spider:1 | XOM: destruction
 25323 | Spider:1 | Reached skill level 3 in Spellcasting
 25442 | Spider:1 | XOM: give mutations
 25442 | Spider:1 | Gained mutation: You are resistant to electric shocks.
                  | (rElec) [Xom's grace]
 25442 | Spider:1 | Gained mutation: Your spells are a little harder to cast,
                  | but a little more powerful. [Xom's grace]
 25450 | Spider:1 | XOM: god gift: 53 gold pieces
 25450 | Spider:1 | XOM: smoke on damage
 25558 | Spider:2 | XOM: 4-stop teleportation journey
 25641 | Spider:2 | XOM: 1-stop teleportation journey
 25650 | Spider:2 | Noticed an emperor scorpion
 25664 | Spider:2 | HP: 22/88 [emperor scorpion (11)]
 25667 | Spider:2 | XOM: 2-stop teleportation journey
 25719 | Spider:2 | XOM: enchant monster (bad)
 25740 | Spider:2 | Reached XP level 16. HP: 79/92 MP: 21/21
 25743 | Spider:2 | XOM: polymorph orb spider -> shapeshifter
 25765 | Spider:2 | XOM: torment (31/92 hp)
 25837 | Spider:2 | XOM: silly message
 25975 | Spider:2 | Reached skill level 6 in Air Magic
 25991 | Spider:2 | XOM: torment (45/92 hp)
 26044 | Spider:2 | Reached skill level 18 in Unarmed Combat
 26092 | Spider:2 | XOM: cleaving
 26106 | Spider:2 | XOM: confusion
 26110 | Spider:2 | XOM: draining
 26177 | Spider:2 | XOM: give mutation
 26177 | Spider:2 | Lost mutation: You are robust. (+10% HP) [Xom's mischief]
 26376 | Spider:2 | Reached skill level 14 in Dodging
 26376 | Spider:2 | Reached skill level 4 in Spellcasting
 26468 | Spider:2 | Reached skill level 12 in Translocations
 26472 | Spider:2 | XOM: confuse monster(s)
 26559 | Spider:2 | XOM: swap monsters
 26562 | Spider:2 | XOM: enchant monster (bad)
 26565 | Spider:2 | XOM: 1-stop teleportation journey
 26755 | Spider:2 | HP: 17/85 [radroach (35)]
 27093 | Spider:2 | Reached skill level 18 in Fighting
 27095 | Spider:2 | XOM: stat loss: -1 Dex (14/20)
 27172 | Spider:2 | XOM: polymorph culicivora -> moth of wrath
 27173 | Spider:2 | XOM: noise
 27357 | Spider:3 | XOM: divination: magic mapping
 27373 | Spider:3 | XOM: swap monsters
 27510 | Spider:3 | HP: 13/85 [redback (12)]
 27724 | Spider:3 | XOM: stat loss: -1 Int (10/11)
 27763 | Spider:3 | XOM: torment (44/85 hp)
 28050 | Spider:3 | XOM: summons 1 hostile demon
 28151 | Spider:3 | XOM: enchant monster (bad)
 28242 | Spider:3 | Reached skill level 5 in Spellcasting
 28267 | Spider:3 | Lost mutation: You are mostly covered in iridescent scales.
                  | (AC +4) [potion of mutation]
 28267 | Spider:3 | Lost mutation: You are partially covered in iridescent
                  | scales. (AC +2) [potion of mutation]
 28319 | Spider:3 | XOM: draining
 28320 | Spider:3 | XOM: cast spell 'Summon Hydra'
 28333 | Spider:3 | Reached skill level 13 in Translocations
 28543 | Spider:3 | HP: 15/77 [disintegration (37)]
 28579 | Spider:3 | XOM: 2-stop teleportation journey
 28654 | Spider:3 | XOM: enchant monster (bad)
 28664 | Spider:3 | XOM: noise
 28666 | Spider:3 | XOM: butterfly on damage
 28887 | D:10     | Bought the ring "Biocs" {Contam +Blink rC+++ rN+ Slay+5}
                  | for 1181 gold pieces
 29013 | Vaults:2 | Identified the "Neich"
 29013 | Vaults:5 | Identified the of Pesmeer
 29013 | Crypt:3  | Identified the of Pilosadd
 29013 | Depths:1 | Entered Level 1 of the Depths
 29326 | Lair:3   | Reached skill level 11 in Shapeshifting
 29394 | Lair:3   | XOM: noise
 29421 | Swamp:1  | XOM: summons friendly quasit
 29422 | Swamp:1  | HP: 15/82 [spriggan rider/+0 spear (10)]
 29424 | Lair:3   | Mangled by an alligator
 29542 | Swamp:1  | XOM: cleaving
 29670 | Swamp:1  | XOM: give mutation
 29670 | Swamp:1  | Lost mutation: You are dopey. (Int -2) [Xom's mischief]
 30037 | Swamp:2  | XOM: blink monster(s)
 30040 | Swamp:2  | XOM: noise
 30057 | Swamp:2  | XOM: blink monster(s)
 30108 | Swamp:2  | Reached skill level 12 in Shapeshifting
 30215 | Swamp:2  | Noticed a tentacled monstrosity
 30286 | Swamp:2  | magus.rc [v1.10.3]
 30295 | Swamp:2  | XOM: enchant monster (good)
 30302 | Swamp:2  | HP: 7/85 [spriggan rider/+0 spear (21)]
 30360 | Swamp:2  | Reached XP level 17. HP: 76/89 MP: 17/25
 30417 | Swamp:2  | XOM: give mutations
 30417 | Swamp:2  | Gained mutation: You have claws for hands. [Xom's grace]
 30417 | Swamp:2  | Gained mutation: You have a pair of large horns on your
                  | head. [Xom's grace]
 30417 | Swamp:2  | Gained mutation: Your spells are harder to cast, but more
                  | powerful. [Xom's grace]
 30417 | Swamp:2  | Gained mutation: You are partially covered in large bone
                  | plates. (SH +4) [Xom's grace]
 30451 | Swamp:2  | HP: 17/89 [11-headed hydra (7)]
 30451 | Swamp:2  | Slain by an 11-headed hydra
 30457 | Swamp:2  | XOM: smoke on damage
 30479 | Swamp:2  | XOM: noise
 30504 | Swamp:2  | XOM: enchant monster (bad)
 30706 | Elf:1    | Entered Level 1 of the Elven Halls
 30854 | Elf:1    | Noticed Norris
 30872 | Elf:1    | XOM: summons friendly shadow imp
 30880 | Elf:1    | XOM: chaos upgrade
 30883 | Elf:1    | Reached skill level 13 in Shapeshifting
 30889 | Elf:1    | Killed Norris
 31043 | Elf:1    | You add the spells Sting and Olgreb's Toxic Radiance to
                  | your library.
 31231 | Elf:1    | XOM: give mutations
 31231 | Elf:1    | Lost mutation: You have claws for hands. [Xom's mischief]
 31231 | Elf:1    | Lost mutation: You expend magic power (3 MP) to strengthen
                  | your wands. [Xom's mischief]
 31231 | Elf:1    | Lost mutation: You are resistant to electric shocks.
                  | (rElec) [Xom's mischief]
 31304 | Elf:1    | Found an ancient bone altar of Kikubaaqudgha.
 31309 | Elf:1    | You pick up a book of Callings and begin reading...
 31309 | Elf:1    | You add the spells Call Canine Familiar and Summon Guardian
                  | Golem to your library.
 31453 | Elf:2    | Paralysed by an air elemental for 1 turns
 31476 | Elf:2    | Found Gaytem's Antique Armour Emporium.
 31479 | Elf:2    | Identified the +0 shortbow "Xioney" {freeze, rPois rF+ rC-
                  | rN++}
 31634 | Elf:2    | HP: 15/89 [+3 battleaxe of electrocution (29)]
 31759 | Elf:2    | XOM: silly message
 31809 | Elf:2    | XOM: give mutations
 31809 | Elf:2    | Gained mutation: You possess an exceptional clarity of
                  | mind. [Xom's mischief]
 31809 | Elf:2    | Lost mutation: Your spells are harder to cast, but more
                  | powerful. [Xom's mischief]
 31809 | Elf:2    | Lost mutation: You possess an exceptional clarity of mind.
                  | [Xom's mischief]
 31841 | Elf:2    | Found a huge runed translucent gate.
 31841 | Elf:2    | Found a huge runed translucent gate.
 31841 | Elf:2    | Found a huge runed translucent gate.
 31841 | Elf:2    | Found a huge runed translucent gate.
 31843 | Elf:2    | Found a huge runed translucent gate.
 31910 | Elf:2    | Noticed Donald
 31926 | Elf:2    | Killed Donald
 32056 | Elf:2    | Noticed a deep elf blademaster
 32056 | Elf:2    | XOM: 3-stop teleportation journey
 32288 | D:8      | Bought a potion of curing for 42 gold pieces
 32288 | D:8      | Bought a potion of heal wounds for 70 gold pieces
 32288 | D:8      | Bought 2 potions of curing for 84 gold pieces
 32288 | D:8      | Bought a potion of curing for 42 gold pieces
 32288 | D:8      | Bought a potion of curing for 42 gold pieces
 32496 | D:15     | XOM: confusion
 32497 | D:15     | HP: 20/87 [hell knight/+0 war axe of flaming (10)]
 32570 | D:15     | Reached skill level 6 in Spellcasting
 32598 | D:15     | XOM: give mutations
 32598 | D:15     | Gained mutation: You have an increased reservoir of magic.
                  | (+10% MP) [Xom's grace]
 32598 | D:15     | Gained mutation: You are agile. (Dex +4, Str/Int -1) [Xom's
                  | grace]
 32598 | D:15     | Gained mutation: Your mind is acute. (Int +4, Str/Dex -1)
                  | [Xom's grace]
 32598 | D:15     | Gained mutation: You are very agile. (Dex +8, Str/Int -2)
                  | [Xom's grace]
 32628 | Depths:1 | Reached skill level 14 in Translocations
 32645 | Depths:1 | XOM: god gift: scale mail {god gift}
 32750 | Depths:1 | Identified the storm talisman of the Hurricane {rF++ Dex-2}
 32750 | Depths:1 | Noticed Sojobo
 32961 | Lair:3   | XOM: god gift: scroll of teleportation
 33003 | Spider:2 | XOM: summons 1 hostile shadow creature
 33207 | Spider:3 | Reached skill level 14 in Shapeshifting
 33243 | Spider:3 | XOM: cleaving
 33396 | Spider:4 | Entered Level 4 of the Spider Nest
 33423 | Spider:4 | XOM: fake destruction
 33533 | Spider:4 | Reached skill level 15 in Translocations
 33636 | Spider:4 | XOM: give mutations
 33636 | Spider:4 | Gained mutation: You have a somewhat thin skeletal
                  | structure. (Dex +2, Stealth+) [Xom's grace]
 33636 | Spider:4 | Gained mutation: Your spells are harder to cast, but more
                  | powerful. [Xom's grace]
 33656 | Spider:4 | HP: 1/89 [radroach (25)]
 33829 | Spider:4 | XOM: divination: detect items
 33841 | Spider:4 | Noticed Mara
 33844 | Spider:4 | XOM: cleaving
 33933 | Spider:4 | XOM: scenery: create altars
 34006 | Spider:3 | XOM: summons 1 hostile shadow creature
 34320 | Spider:4 | XOM: butterfly on damage
 34426 | Spider:4 | You pick up a book of the Earth and begin reading...
 34426 | Spider:4 | You add the spells Leda's Liquefaction, Lee's Rapid
                  | Deconstruction and Bombard to your library.
 34426 | Spider:4 | XOM: swap monsters
 34483 | Spider:4 | XOM: butterfly on damage
 34489 | Spider:4 | XOM: cleaving
 34490 | Spider:4 | Noticed Skeral's illusion
 34560 | Spider:3 | XOM: silly message
 34567 | Spider:4 | XOM: silly message
 34854 | Spider:4 | XOM: silly message
 34947 | Spider:4 | XOM: stat loss: -1 Int (7/15)
 35025 | Spider:4 | XOM: summons 6 hostile demons
 35169 | Spider:4 | XOM: summons 1 hostile demon
 35171 | Spider:4 | Noticed Skeral's illusion
 35327 | Spider:4 | Killed Mara
 35328 | Spider:4 | Reached skill level 15 in Dodging
 35328 | Spider:4 | Reached XP level 18. HP: 94/94 MP: 22/30
 35487 | Spider:4 | Lost mutation: Your mind is acute. (Int +4, Str/Dex -1)
                  | [potion of mutation]
 35487 | Spider:4 | Lost mutation: You have a somewhat thin skeletal structure.
                  | (Dex +2, Stealth+) [potion of mutation]
 35487 | Spider:4 | Lost mutation: You have an increased reservoir of magic.
                  | (+10% MP) [potion of mutation]
 35487 | Spider:4 | Gained mutation: Your mind is acute. (Int +4, Str/Dex -1)
                  | [potion of mutation]
 35487 | Spider:4 | Gained mutation: Your system is resistant to poisons.
                  | (rPois) [potion of mutation]
 35737 | Spider:4 | Got a gossamer rune of Zot
 35827 | Spider:4 | XOM: summons 6 hostile demons
 36086 | Orc:2    | Bought the ring of the Insatiable Souls {rF+ rN+ Stlth+}
                  | for 404 gold pieces
 36224 | D:8      | Bought a potion of invisibility for 112 gold pieces
 36224 | D:8      | Bought a potion of might for 56 gold pieces
 36239 | D:8      | XOM: summons 4 hostile shadow creatures
 36313 | D:9      | XOM: give mutations
 36313 | D:9      | Lost mutation: You have a pair of large horns on your head.
                  | [Xom's mischief]
 36313 | D:9      | Lost mutation: Your body sometimes deteriorates upon taking
                  | damage. [Xom's mischief]
 36396 | Vaults:1 | Entered Level 1 of the Vaults
 36403 | Vaults:1 | XOM: enchant monster (bad)
 36517 | Vaults:1 | XOM: give mutation
 36517 | Vaults:1 | Gained mutation: Your flesh is cold resistant. (rC+) [Xom's
                  | grace]
 36558 | Vaults:1 | XOM: swap monsters
 36622 | Vaults:1 | You pick up a book of the Dragon and begin reading...
 36622 | Vaults:1 | You add the spells Cause Fear, Fireball and Dragon's Call
                  | to your library.
 36630 | Vaults:1 | XOM: silly message
 36668 | Vaults:1 | HP: 22/91 [yaktaur[a vault warden] (6)]
 36675 | Vaults:1 | XOM: summons friendly crimson imp
 36676 | Vaults:1 | XOM: polymorph crimson imp -> quasit
 36678 | Vaults:1 | HP: 23/92 [burnt (2)]
 36941 | Vaults:1 | XOM: scenery: 3 doors close
 36976 | Vaults:1 | XOM: cloud trail
 37046 | Vaults:1 | XOM: cloud trail
 37106 | Vaults:1 | XOM: give mutation
 37106 | Vaults:1 | Gained mutation: You expend magic power (3 MP) to
                  | strengthen your wands. [Xom's grace]
 37114 | Vaults:1 | XOM: divination: magic mapping
 37156 | Vaults:1 | You add the spells Summon Forest, Eringya's Noxious Bog and
                  | Summon Hydra to your library.
 37174 | Vaults:1 | XOM: cleaving
 37194 | Vaults:1 | XOM: noise
 37257 | Vaults:1 | Reached skill level 16 in Dodging
 37347 | Vaults:1 | Reached skill level 7 in Evocations
 37466 | Vaults:1 | XOM: silly message
 37484 | Vaults:1 | Reached skill level 19 in Fighting
 37489 | Vaults:1 | XOM: silly message
 37490 | Vaults:1 | HP: 20/96 [centaur warrior (8)]
 37491 | Vaults:1 | HP: 5/96 [centaur warrior (12)]
 37494 | Vaults:1 | Reached skill level 19 in Unarmed Combat
 37497 | Vaults:1 | XOM: potion effect (brilliance)
 37499 | Vaults:1 | XOM: potion effect (brilliance)
 37504 | Vaults:1 | XOM: potion effect (haste)
 37612 | Vaults:1 | XOM: cast spell 'Discord'
 37615 | Vaults:1 | XOM: divination: detect creatures
 37616 | Vaults:1 | XOM: butterfly on damage
 37623 | Vaults:1 | XOM: noise
 37632 | Vaults:1 | HP: 24/96 [orc knight/bolt (18)]
 37748 | Vaults:1 | XOM: polymorph deep troll -> slime creature
 37767 | Vaults:1 | XOM: smoke on damage
 37863 | Vaults:1 | XOM: scenery: summon butterflies
 37877 | Vaults:1 | XOM: 2-stop teleportation journey
 38243 | Vaults:1 | XOM: divination: detect items
 38361 | Vaults:1 | XOM: enchant monster (good)
 38370 | Vaults:1 | XOM: summons 7 friendly demons
 38524 | Vaults:2 | XOM: summons friendly iron imp
 38530 | Vaults:2 | Reached skill level 8 in Evocations
 38691 | Vaults:2 | XOM: 3-stop teleportation journey
 38812 | Vaults:1 | magus.rc [v1.10.3]
 38838 | Vaults:2 | XOM: butterfly on damage
 38954 | Vaults:2 | XOM: summons 16 friendly demons
 39054 | Vaults:2 | Paralysed by a formless jellyfish for 1 turns
 39100 | Vaults:2 | XOM: scenery: 1 doors open, 1 doors close
 39385 | Vaults:2 | XOM: 7-stop teleportation journey
 39467 | Vaults:2 | XOM: noise
 39827 | Vaults:2 | XOM: confuse monster(s)
 39910 | Vaults:2 | XOM: scenery: 2 doors close
 39923 | Vaults:2 | XOM: enchant monster (good)
 39926 | Vaults:2 | XOM: polymorph vault warden -> alligator snapping turtle
 40117 | Vaults:2 | Reached XP level 19. HP: 56/100 MP: 24/29
 40228 | Vaults:2 | XOM: summons friendly ufetubus
 40241 | Vaults:2 | XOM: enchant monster (good)
 40245 | Vaults:2 | XOM: cast spell 'Alistair's Intoxication'
 40290 | Vaults:2 | Reached skill level 17 in Dodging
 40342 | Vaults:2 | XOM: cleaving
 40416 | Vaults:2 | XOM: cast spell 'Death Channel'
 40454 | Vaults:2 | XOM: scenery: 1 doors close
 40492 | Vaults:2 | XOM: god gift: 35 gold pieces
 40528 | Vaults:2 | Reached skill level 7 in Air Magic
 40531 | Vaults:2 | Reached skill level 9 in Evocations
 40536 | Vaults:2 | HP: 23/100 [vault warden/+5 glaive of venom (27)]
 40536 | Vaults:2 | XOM: butterfly on damage
 40652 | Vaults:2 | XOM: silly message
 40950 | Vaults:2 | You pick up a book of Party Tricks and begin reading...
 40955 | Vaults:2 | You add the spells Ozocubu's Armour and Ozocubu's
                  | Refrigeration to your library.
 40958 | Vaults:2 | You add the spells Malign Gateway and Summon Horrible
                  | Things to your library.
 41143 | Vaults:3 | magus.rc [v1.10.3]
 41214 | Vaults:2 | HP: 14/100 [dire elephant (21)]
 41218 | Vaults:2 | XOM: divination: detect items
 41324 | Vaults:2 | XOM: cast spell 'Call Canine Familiar'
 41667 | Vaults:3 | XOM: polymorph boggart -> steam dragon
 41823 | Vaults:3 | XOM: summons friendly crimson imp
 41867 | Vaults:3 | XOM: cast spell 'Chain of Chaos'
 41870 | Vaults:3 | Reached skill level 18 in Dodging
 42040 | Vaults:3 | XOM: summons friendly quasit
 42063 | Vaults:3 | XOM: scenery: create altars
 42085 | Vaults:3 | XOM: confuse monster(s)
 42222 | Vaults:3 | Reached skill level 20 in Fighting
 42278 | Vaults:3 | XOM: potion effect (magic)
 42288 | Vaults:3 | XOM: cast spell 'Summon Hydra'
 42382 | Vaults:3 | Reached skill level 20 in Unarmed Combat
 42643 | Vaults:3 | XOM: scenery: 1 doors close
 42773 | Vaults:3 | XOM: enchant monster (good)
 42787 | Vaults:3 | XOM: polymorph ironbound preserver -> death yak
 42910 | Vaults:3 | XOM: cast spell 'Summon Horrible Things'
 42957 | Vaults:3 | XOM: summons 7 friendly demons
 42993 | Vaults:3 | XOM: enchant monster (bad)
 43010 | Vaults:3 | XOM: silly message
 43032 | Vaults:3 | XOM: summons 3 friendly demons
 43047 | Vaults:3 | Found a staircase to the Crypt.
 43137 | Vaults:3 | XOM: divination: detect items
 43259 | Vaults:3 | XOM: potion effect (might)
 43266 | Vaults:3 | XOM: give mutation
 43266 | Vaults:3 | Lost mutation: You are partially covered in large bone
                  | plates. (SH +4) [Xom's mischief]
 43299 | Vaults:3 | Reached XP level 20. HP: 106/106 MP: 30/30
 43432 | Vaults:3 | XOM: chaos upgrade
 43443 | Vaults:3 | XOM: enchant monster (bad)
 43446 | Vaults:3 | Reached skill level 19 in Dodging
 43509 | Vaults:3 | XOM: draining
 43669 | Vaults:4 | XOM: enchant monster (bad)
 43965 | Vaults:4 | XOM: silly message
 43968 | Vaults:4 | XOM: blink monster(s)
 44100 | Vaults:4 | XOM: confusion
 44456 | Vaults:4 | You pick up a book of the Moon and begin reading...
 44570 | Vaults:4 | XOM: confusion
 44607 | Vaults:4 | XOM: enchant monster (bad)
 44687 | Vaults:4 | You pick up a book of Winter and begin reading...
 44687 | Vaults:4 | You add the spells Metabolic Englaciation and Simulacrum to
                  | your library.
 44691 | Vaults:4 | XOM: swap monsters
 44696 | Vaults:4 | XOM: summons friendly crimson imp
 44706 | Vaults:4 | XOM: polymorph crimson imp -> quasit
 44758 | Vaults:4 | XOM: noise
 44806 | Vaults:4 | XOM: 1-stop teleportation journey
 44951 | Vaults:4 | XOM: summons friendly quasit
 44953 | Vaults:4 | XOM: enchant monster (bad)
 45133 | Vaults:4 | Reached skill level 21 in Fighting
 45133 | Vaults:4 | Reached skill level 20 in Dodging
 45154 | Vaults:4 | XOM: noise
 45189 | Vaults:4 | XOM: enchant monster (good)
 45391 | Vaults:4 | XOM: enchant monster (good)
 45399 | Vaults:4 | Reached skill level 21 in Unarmed Combat
 45681 | D:12     | XOM: noise
 45682 | D:12     | magus.rc [v1.10.3]
 45713 | D:9      | XOM is BORED!
 45713 | D:9      | XOM: noise
 45846 | Elf:3    | Identified the "Adduem"
 45846 | Elf:3    | Identified the of Gesopn
 45846 | Slime:1  | Entered Level 1 of the Pits of Slime
 46437 | Swamp:3  | XOM: cleaving
 46631 | Swamp:3  | Identified the +8 broad axe of Indomitability {speed,
                  | Dex+2}
 46723 | Swamp:3  | XOM: enchant monster (bad)
 46798 | Swamp:3  | XOM: enchant monster (bad)
 47025 | Swamp:3  | XOM: swap monsters
 47196 | Swamp:4  | Entered Level 4 of the Swamp
 47318 | Swamp:4  | XOM: confusion (+ monsters)
 47338 | Swamp:4  | XOM: polymorph goliath frog -> boulder beetle
 47344 | Swamp:4  | XOM: enchant monster (good)
 47388 | Swamp:4  | XOM: summons 6 hostile demons
 47486 | Swamp:4  | XOM: summons 11 hostile demons
 47897 | Swamp:3  | HP: 24/108 [seven-headed hydra (15)]
 47979 | Swamp:3  | XOM: noise
 48099 | Swamp:4  | XOM: potion effect (invisibility)
 48255 | Swamp:3  | XOM: blink monster(s)
 48498 | Swamp:4  | XOM: fake destruction
 48506 | Swamp:4  | XOM: cast spell 'Olgreb's Toxic Radiance'
 48553 | Swamp:4  | Reached XP level 21. HP: 112/112 MP: 17/31
 48592 | Swamp:4  | XOM: divination: magic mapping
 48808 | Swamp:4  | XOM: divine lightning
 48945 | Swamp:4  | XOM: god gift: staff of cold
 48957 | Swamp:4  | XOM: god gift: scroll of fog
 49051 | Swamp:4  | XOM: god gift: 868 gold pieces
 49096 | Swamp:4  | Got a decaying rune of Zot
 49098 | Swamp:4  | XOM: god gift: 46 gold pieces
 49200 | Swamp:2  | XOM: divination: detect creatures
 49568 | Vaults:2 | XOM: give mutations
 49568 | Vaults:2 | Gained mutation: Your muscles are strong. (Str +4, Int/Dex
                  | -1) [Xom's grace]
 49568 | Vaults:2 | Gained mutation: You are strong-willed. (Will+) [Xom's
                  | grace]
 49578 | Vaults:2 | magus.rc [v1.10.3]
 49646 | Crypt:1  | Entered Level 1 of the Crypt
 49674 | Crypt:1  | XOM: fake destruction
 49692 | Crypt:1  | Reached skill level 15 in Shapeshifting
 49835 | Crypt:1  | XOM: enchant monster (good)
 49870 | Crypt:1  | XOM: give mutation
 49870 | Crypt:1  | Gained mutation: You are partially covered in iridescent
                  | scales. (AC +2) [Xom's grace]
 49890 | Crypt:1  | XOM: fog
 49900 | Crypt:1  | XOM: divination: detect creatures
 49907 | Crypt:1  | XOM: god gift: +2 robe of positive energy
 50083 | Crypt:1  | Noticed Zenata
 50118 | Crypt:1  | XOM: confuse monster(s)
 50179 | Crypt:1  | Found a burning altar of Makhleb.
 50189 | Crypt:1  | Found a glowing golden altar of the Shining One.
 50264 | Crypt:1  | XOM: god gift: short sword {god gift}
 50307 | Crypt:1  | XOM: fog
 50570 | Crypt:1  | XOM: scenery: 2 doors open, 2 doors close
 50572 | Crypt:1  | XOM: summons 16 friendly demons
 50633 | Crypt:1  | XOM: give mutations
 50633 | Crypt:1  | Gained mutation: Your spells are much harder to cast, but
                  | much more powerful. [Xom's grace]
 50633 | Crypt:1  | Gained mutation: Your mind is very acute. (Int +8, Str/Dex
                  | -2) [Xom's grace]
 50712 | Crypt:1  | XOM: destruction
 50713 | Crypt:1  | Killed Zenata
 50731 | Crypt:1  | a +4 triple sword of holy wrath {rare}; a +0 leather armour
 50873 | Crypt:1  | Found a runed translucent gate.
 50873 | Crypt:1  | Found a runed translucent gate.
 50874 | Crypt:1  | Found a runed translucent gate.
 50875 | Crypt:1  | Found an opulent altar of Gozag.
 50876 | Crypt:1  | Found Upnyorche's Assorted Antiques.
 50876 | Crypt:1  | Noticed a dread lich
 50876 | Crypt:1  | Noticed a curse skull
 50877 | Crypt:1  | Noticed Salub's ghost (adept MiFi)
 50928 | Crypt:1  | XOM: scenery: 6 doors close
 50935 | Crypt:2  | Noticed a curse skull
 50940 | Crypt:1  | XOM: divination: magic mapping
 50976 | Crypt:2  | XOM: scenery: create altars
 51118 | Crypt:2  | XOM: scenery: 4 doors open, 4 doors close
 51170 | Crypt:2  | XOM: divine lightning
 51184 | Crypt:2  | You pick up a book of Armaments and begin reading...
 51209 | Crypt:2  | XOM: summons 11 hostile demons
 51239 | Crypt:2  | XOM: summons 11 hostile demons
 51356 | Crypt:2  | Killed a curse skull
 51363 | Crypt:2  | Reached skill level 22 in Fighting
 51558 | Crypt:2  | XOM: summons 11 hostile demons
 51564 | Crypt:2  | XOM: summons 1 hostile demon
 51602 | Crypt:2  | Noticed a curse skull
 51610 | Crypt:2  | Killed a curse skull
 51715 | Crypt:2  | XOM: blink monster(s)
 51721 | Crypt:2  | Reached skill level 22 in Unarmed Combat
 51800 | Crypt:2  | XOM: divine lightning
 51802 | Crypt:2  | XOM: summons 9 friendly demons
 51883 | Crypt:2  | Noticed a curse skull
 51888 | Crypt:2  | Killed a curse skull
 52062 | Crypt:2  | Reached skill level 16 in Translocations
 52421 | Crypt:3  | Entered Level 3 of the Crypt
 52444 | Crypt:2  | XOM: summons friendly ufetubus
 52472 | Crypt:3  | XOM: 1-stop teleportation journey
 52483 | Crypt:3  | XOM: cloud trail
 52495 | Crypt:3  | XOM: destruction
 52507 | Crypt:3  | Reached skill level 16 in Shapeshifting
 52513 | Crypt:3  | XOM: enchant monster (good)
 52643 | Crypt:3  | XOM: scenery: 1 doors close
 53027 | Crypt:2  | Found a basalt altar of Yredelemnul.
 53096 | Crypt:3  | XOM: give mutation
 53096 | Crypt:3  | Gained mutation: You are highly strong-willed. (Will++)
                  | [Xom's grace]
 53121 | Crypt:3  | Reached skill level 23 in Unarmed Combat
 53172 | Crypt:3  | XOM: scenery: summon butterflies
 53185 | Crypt:3  | Reached XP level 22. HP: 84/117 MP: 32/32
 53212 | Crypt:3  | XOM: enchant monster (good)
 53350 | Crypt:3  | Found an ancient bone altar of Kikubaaqudgha.
 53350 | Crypt:3  | Noticed a dread lich
 53353 | Crypt:3  | XOM: 6-stop teleportation journey
 53476 | Crypt:3  | Killed a dread lich
 53529 | Crypt:3  | You add the spells Haunt and Infestation to your library.
 53537 | Crypt:3  | XOM: give mutations
 53537 | Crypt:3  | Gained mutation: Your skin changes colour to match your
                  | surroundings (Stealth+). [Xom's grace]
 53537 | Crypt:3  | Gained mutation: You are resistant to electric shocks.
                  | (rElec) [Xom's grace]
 53605 | Crypt:3  | XOM: give mutations
 53605 | Crypt:3  | Gained mutation: You are partially covered in large bone
                  | plates. (SH +4) [Xom's grace]
 53605 | Crypt:3  | Gained mutation: You have a pair of large horns on your
                  | head. [Xom's grace]
 53605 | Crypt:3  | Gained mutation: Your flesh is very cold resistant. (rC++)
                  | [Xom's grace]
 53605 | Crypt:3  | Gained mutation: You passively map a small area around you.
                  | [Xom's grace]
 53624 | Crypt:3  | Found a staircase to the Tomb.
 53626 | Crypt:3  | XOM: cloud trail
 53708 | Crypt:3  | XOM: cast spell 'Olgreb's Toxic Radiance'
 54026 | Depths:1 | Sojobo changed into Sojobo the shard shrike
 54026 | Depths:1 | Noticed Sojobo
 54026 | Depths:1 | XOM: polymorph Sojobo -> Sojobo the shard shrike
 54027 | Depths:1 | Killed Sojobo the shard shrike
 54052 | Depths:1 | You pick up a book of Conjurations and begin reading...
 54052 | Depths:1 | You add the spells Magic Dart, Searing Ray and Fulminant
                  | Prism to your library.
 54147 | Depths:1 | Found Poploile's Distillery.
 54167 | Depths:1 | You pick up a book of Dreams and begin reading...
 54181 | Depths:1 | Found Zohur's Weapon Shoppe.
 54248 | Depths:1 | XOM: scenery: 1 doors open, 1 doors close
 54313 | Depths:1 | Found Imoufucuu's General Store.
 54338 | Depths:1 | XOM: enchant monster (good)
 54479 | Depths:1 | XOM: summons 13 friendly demons
 54480 | Depths:1 | XOM: noise
 54523 | Depths:1 | XOM: potion effect (curing)
 54577 | Depths:1 | Found a gateway to Hell.
 54712 | Depths:1 | Bought a scroll of blinking for 165 gold pieces
 54712 | Depths:1 | Bought a wand of iceblast (6) for 316 gold pieces
 54712 | Depths:1 | Bought 2 potions of magic for 352 gold pieces
 54712 | Depths:1 | Bought a scroll of teleportation for 66 gold pieces
 54882 | Depths:1 | XOM: noise
 54954 | Depths:1 | Found Vafi Qaw's Antique Weapon Emporium.
 55093 | Depths:1 | Found a basalt altar of Yredelemnul.
 55298 | Depths:1 | XOM: enchant monster (good)
 55485 | Depths:2 | Found a one-way gate leading to the halls of Pandemonium.
 55486 | Depths:2 | Reached skill level 17 in Shapeshifting
 55617 | Depths:2 | Noticed an ancient lich
 55617 | Depths:2 | XOM: potion effect (brilliance)
 55633 | Depths:2 | Found a one-way gate to the infinite horrors of the Abyss.
 55661 | Depths:2 | Found a one-way gateway to a ziggurat.
 55665 | Depths:2 | XOM: potion effect (invisibility)
 55885 | Depths:2 | XOM: fog
 55913 | Depths:2 | XOM: scenery: create altars
 55968 | Depths:2 | XOM: divination: magic mapping
 55977 | Depths:2 | Found Tiodel's Book Emporium.
 55997 | Depths:2 | Bought an Inescapable Atlas for 320 gold pieces
 55997 | Depths:2 | You add the spells Blink and Manifold Assault to your
                  | library.
 56002 | Depths:2 | Learned a level 4 spell: Manifold Assault
 56005 | Depths:2 | Learned a level 2 spell: Blink
 56012 | Depths:2 | Learned a level 6 spell: Dispersal
 56083 | Depths:2 | XOM: enchant monster (good)
 56155 | Depths:2 | XOM: summons friendly iron imp
 56156 | Depths:2 | XOM: enchant monster (good)
 56182 | Depths:2 | HP: 21/117 [living spell/iceblast[a walking frostbound
                  | tome] (27)]
 56295 | Depths:2 | XOM: confuse monster(s)
 56364 | Depths:2 | Reached skill level 18 in Shapeshifting
 56374 | Depths:2 | Noticed a caustic shrike
 56382 | Depths:2 | Killed a caustic shrike
 56382 | Depths:2 | XOM: polymorph cyan very ugly thing -> white very ugly
                  | thing
 56517 | Depths:2 | You pick up a book of the Moon and begin reading...
 56524 | Depths:2 | XOM: summons 3 hostile shadow creatures
 56539 | Depths:2 | You pick up a book of Geomancy and begin reading...
 56539 | Depths:2 | You add the spells Sandblast, Passwall and Brom's
                  | Barrelling Boulder to your library.
 56578 | Depths:2 | XOM: give mutations
 56578 | Depths:2 | Lost mutation: You are partially covered in large bone
                  | plates. (SH +4) [Xom's mischief]
 56578 | Depths:2 | Lost mutation: You have very sharp fingernails. [Xom's
                  | mischief]
 56882 | Depths:3 | XOM: divination: detect items
 56953 | Depths:3 | XOM: smoke on damage
 56975 | Depths:3 | XOM: confusion
 56981 | Depths:3 | HP: 39/175 [vampire knight/+0 heavy halberd (9)]
 56986 | Depths:3 | Reached skill level 19 in Shapeshifting
 57173 | Depths:3 | XOM: 1-stop teleportation journey
 57192 | Depths:3 | XOM: chaos upgrade
 57316 | Depths:3 | XOM: cloud trail
 57318 | Depths:3 | XOM: god gift: flail {god gift}
 57476 | Depths:3 | XOM: confusion (+ monsters)
 57479 | Depths:3 | XOM: confusion (+ monsters)
 57572 | Depths:3 | You pick up a book of the Moon and begin reading...
 57585 | Depths:3 | XOM: give mutations
 57585 | Depths:3 | Lost mutation: You are highly strong-willed. (Will++)
                  | [Xom's mischief]
 57585 | Depths:3 | Lost mutation: Your system is resistant to poisons. (rPois)
                  | [Xom's mischief]
 57585 | Depths:3 | Lost mutation: Your skin changes colour to match your
                  | surroundings (Stealth+). [Xom's mischief]
 57585 | Depths:3 | Lost mutation: You are strong-willed. (Will+) [Xom's
                  | mischief]
 57700 | Depths:4 | Entered Level 4 of the Depths
 57700 | Depths:4 | Found a glowing golden altar of the Shining One.
 57712 | Depths:3 | Reached XP level 23. HP: 112/121 MP: 33/33
 57797 | Depths:4 | Reached skill level 20 in Shapeshifting
 57797 | Depths:4 | Found a white marble altar of Elyvilon.
 57925 | Depths:4 | XOM: summons friendly ufetubus
 57944 | Depths:4 | XOM: blink monster(s)
 57989 | Depths:4 | HP: 34/181 [spriggan air mage/the air (19)]
 57992 | Depths:4 | HP: 9/181 [spriggan rider/+0 spear (19)]
 58127 | Depths:4 | Found a glowing silver altar of Zin.
 58293 | Depths:4 | XOM: enchant monster (bad)
 58430 | Depths:4 | XOM: cast spell 'Summon Small Mammal'
 58482 | Depths:4 | XOM: potion effect (haste)
 58535 | Depths:4 | XOM: silly message
 58702 | Depths:4 | Reached skill level 21 in Shapeshifting
 58840 | Depths:4 | Found a gate to the Realm of Zot.
 58907 | Depths:4 | XOM: enchant monster (bad)
 59028 | Depths:4 | Noticed Boris
 59031 | Depths:4 | Killed Boris
 59095 | Depths:4 | a +1 cloak; +0 shadow dragon scales {rare}; a shadow dragon
                  | corpse
 59107 | Depths:4 | a +1 cloak; +0 shadow dragon scales {rare}; a shadow dragon
                  | corpse
 59132 | Depths:4 | a +1 cloak; +0 shadow dragon scales {rare}; a shadow dragon
                  | corpse
 59148 | Depths:4 | a +1 cloak; +0 shadow dragon scales {rare}; a shadow dragon
                  | corpse
 59606 | Elf:3    | Entered Level 3 of the Elven Halls
 60130 | Elf:3    | Identified the +2 chain mail of Hubris {rPois rF- Int+8
                  | Dex-4}
 60291 | Elf:3    | Reached skill level 22 in Shapeshifting
 60455 | Elf:3    | Identified the +0 plate armour "Upnuelysh" {rCorr Int+3
                  | Dex+3}
 60466 | Elf:3    | XOM: divination: detect creatures
 60720 | Elf:3    | XOM: scenery: 2 doors close
 60785 | Elf:3    | XOM: noise
 60867 | Elf:3    | XOM: summons friendly shadow imp
 60948 | Elf:3    | You pick up a book of Frost and begin reading...
 60948 | Elf:3    | You add the spells Freeze, Frozen Ramparts and Hailstorm to
                  | your library.
 61143 | Elf:3    | You pick up a book of Blood and begin reading...
 61143 | Elf:3    | You add the spells Sublimation of Blood and Wereblood to
                  | your library.
 61169 | Elf:3    | You add the spells Call Imp and Spellforged Servitor to
                  | your library.
 61176 | Elf:3    | You pick up a book of Geomancy and begin reading...
 61374 | Elf:3    | XOM: potion effect (haste)
 61580 | Vaults:1 | magus.rc [v1.10.3]
 61801 | Vaults:3 | XOM is BORED!
 61801 | Vaults:3 | XOM: silly message
 61941 | Vaults:4 | magus.rc [v1.10.3]
 61948 | Vaults:5 | Entered Level 5 of the Vaults
 61971 | Vaults:5 | Reached skill level 23 in Shapeshifting
 61979 | Vaults:4 | XOM is BORED!
 62096 | Vaults:5 | XOM: swap monsters
 62098 | Vaults:5 | Noticed a dread lich
 62101 | Vaults:5 | Noticed an ancient lich
 62104 | Vaults:5 | Identified the amulet of the Endless Expanse {Spirit rF+
                  | rC+ Dex-4}
 62165 | Vaults:5 | You pick up a book of Debilitation and begin reading...
 62165 | Vaults:5 | You add the spells Slow, Sigil of Binding and Vampiric
                  | Draining to your library.
 62170 | Vaults:5 | You pick up a book of Misfortune and begin reading...
 62170 | Vaults:5 | You add the spells Inner Flame, Yara's Violent Unravelling
                  | and Enfeeble to your library.
 62181 | Vaults:5 | XOM: summons 2 friendly demons
 62208 | Vaults:5 | Reached XP level 24. HP: 126/126 MP: 23/33
 62220 | Vaults:5 | Got a silver rune of Zot
 62252 | Vaults:5 | XOM: swap monsters
 62268 | Vaults:5 | XOM: enchant monster (bad)
 62270 | Vaults:5 | XOM: confusion (+ monsters)
 62482 | Vaults:5 | Reached skill level 24 in Shapeshifting
 62490 | Vaults:5 | XOM: 3-stop teleportation journey
 62581 | Vaults:5 | XOM: scenery: summon butterflies
 62591 | Vaults:5 | XOM: 4-stop teleportation journey
 62634 | Vaults:5 | XOM: noise
 62644 | Vaults:5 | Killed a dread lich
 62690 | Vaults:5 | quicksilver dragon scales {rare}; a quicksilver dragon
                  | corpse
 62716 | Vaults:5 | XOM: noise
 62732 | Vaults:5 | Killed an ancient lich
 62782 | Vaults:5 | You pick up a book of Blasting and begin reading...
 62806 | Vaults:5 | Found the +2 cloak of the Thief {*Fog Slay-2 SInv Stlth+}
 62933 | Vaults:5 | Noticed a dread lich
 62942 | Vaults:5 | Killed a dread lich
 62943 | Vaults:5 | XOM: noise
 62946 | Vaults:5 | XOM: noise
 62994 | Vaults:5 | XOM: scenery: summon butterflies
 63100 | Vaults:5 | Reached skill level 7 in Spellcasting
 63205 | Vaults:5 | Identified the +1 plate armour of Altruism {Slay+3}
 63454 | D:10     | XOM: give mutations
 63454 | D:10     | Gained mutation: You possess an exceptional clarity of
                  | mind. [Xom's grace]
 63454 | D:10     | Gained mutation: You are strong-willed. (Will+) [Xom's
                  | grace]
 63454 | D:10     | Gained mutation: You passively map the area around you.
                  | [Xom's grace]
 63454 | D:10     | Gained mutation: Your muscles are very strong. (Str +8,
                  | Int/Dex -2) [Xom's grace]
 63774 | Slime:2  | XOM: polymorph slime creature -> swamp worm
 64154 | Slime:2  | Reached skill level 17 in Translocations
 64248 | Slime:2  | XOM: divination: magic mapping
 64269 | Slime:3  | XOM: potion effect (magic)
 64298 | Slime:3  | Reached skill level 8 in Spellcasting
 64363 | Slime:4  | XOM: divination: detect creatures
 64370 | Slime:4  | XOM: cast spell 'Death Channel'
 64379 | Slime:4  | HP: 24/126 [acid blob/splash of acid (27)]
 64470 | Slime:4  | Reached skill level 25 in Shapeshifting
 64565 | Slime:5  | Entered Level 5 of the Pits of Slime
 64571 | Slime:5  | Reached skill level 18 in Translocations
 64579 | Slime:5  | XOM: potion effect (berserk rage)
 64756 | Slime:4  | Gained mutation: You occasionally lose the ability to drink
                  | potions when taking damage. [a shining eye]
 64958 | Slime:5  | Noticed the Royal Jelly
 64967 | Slime:5  | XOM: confuse monster(s)
 64973 | Slime:5  | Killed the Royal Jelly
 64973 | Slime:5  | XOM: fog
 65140 | Slime:5  | XOM: polymorph quicksilver ooze -> radroach
 65229 | Slime:5  | Reached XP level 25. HP: 127/131 MP: 22/36
 65246 | Slime:5  | You pick up a book of Iron and begin reading...
 65247 | Slime:5  | XOM: 6-stop teleportation journey
 65431 | Slime:5  | XOM: give mutations
 65431 | Slime:5  | Gained mutation: You are robust. (+10% HP) [Xom's grace]
 65431 | Slime:5  | Gained mutation: You are mostly covered in iridescent
                  | scales. (AC +4) [Xom's grace]
 65431 | Slime:5  | Gained mutation: Your flesh is almost immune to the effects
                  | of cold. (rC+++) [Xom's grace]
 65431 | Slime:5  | Gained mutation: You are highly strong-willed. (Will++)
                  | [Xom's grace]
 65455 | Slime:5  | Found the +8 trishula "Condemnation" {holy, anguish, *Noise
                  | Fly rN+}
 65474 | Slime:5  | Got a slimy rune of Zot
 65509 | Slime:5  | You pick up a book of Iron and begin reading...
 65558 | Slime:5  | Identified the +1 lajatang "Kuonn" {drain, Dex+4}
 65562 | Slime:5  | Identified the amulet "Jifax" {Faith Str+2}
 65786 | Slime:5  | XOM: potion effect (haste)
 65831 | Slime:5  | XOM: god gift: 2 stones
 66290 | Hell     | Entered the Vestibule of Hell
 66290 | Hell     | Noticed Geryon
 66295 | Hell     | XOM: repel stairs
 66304 | Hell     | Killed Geryon
 66309 | Hell     | XOM: summons 8 hostile demons
 66311 | Hell     | Reached skill level 7 in Stealth
 66332 | Hell     | XOM: 1-stop teleportation journey
 66348 | Hell     | Reached skill level 8 in Stealth
 66354 | Hell     | XOM: blink monster(s)
 66477 | Hell     | Reached skill level 9 in Stealth
 66492 | Hell     | XOM: smoke on damage
 66495 | Hell     | Found a gateway to the freezing wastes of Cocytus.
 66592 | Hell     | XOM: chaos cloud
 66666 | Hell     | Reached skill level 10 in Stealth
 66690 | Hell     | Found a gateway to the decaying netherworld of Tartarus.
 66762 | Hell     | Found a gateway to the ashen valley of Gehenna.
 66813 | Hell     | XOM: swap monsters
 66823 | Hell     | Found a gateway to the Iron City of Dis.
 67022 | Zot:1    | Entered Level 1 of the Realm of Zot
 67022 | Zot:1    | Noticed a Killer Klown
 67022 | Zot:1    | Noticed a Killer Klown
 67022 | Zot:1    | Noticed a Killer Klown
 67022 | Zot:1    | Noticed a Killer Klown
 67028 | Depths:4 | Killed a Killer Klown
 67030 | Depths:4 | Killed a Killer Klown
 67031 | Depths:4 | Reached skill level 11 in Stealth
 67031 | Depths:4 | Killed a Killer Klown
 67075 | Zot:1    | XOM: 2-stop teleportation journey
 67088 | Zot:1    | XOM: enchant monster (good)
 67115 | Zot:1    | Reached skill level 26 in Shapeshifting
 67119 | Zot:1    | Identified the ring of Wudex {Ice Dex+4 SInv Stlth-}
 67119 | Zot:1    | Noticed Josephina
 67120 | Zot:1    | XOM: scenery: summon butterflies
 67123 | Zot:1    | XOM: polymorph tentacled monstrosity -> doom hound
 67128 | Zot:1    | Killed Josephina
 67197 | Zot:1    | Noticed Vv
 67210 | Zot:1    | XOM: 1-stop teleportation journey
 67221 | Zot:1    | Reached skill level 12 in Stealth
 67221 | Zot:1    | Noticed an orb of fire
 67221 | Zot:1    | Noticed an orb of fire
 67221 | Zot:1    | Noticed an orb of fire
 67221 | Zot:1    | Lost mutation: You are robust. (+10% HP) [an orb of fire]
 67235 | Zot:1    | Killed an orb of fire
 67239 | Zot:1    | Noticed an orb of fire
 67240 | Zot:1    | Noticed a juggernaut
 67242 | Zot:1    | XOM: noise
 67244 | Zot:1    | Killed a juggernaut
 67301 | Zot:1    | XOM: summons friendly white imp
 67305 | Zot:1    | Lost mutation: You possess an exceptional clarity of mind.
                  | [an orb of fire]
 67307 | Zot:1    | Killed an orb of fire
 67310 | Zot:1    | Identified +0 gold dragon scales
 67317 | Zot:1    | +0 gold dragon scales {rare}; a golden dragon corpse
 67320 | Zot:1    | XOM: noise
 67354 | Zot:1    | Killed a Killer Klown
 67403 | Zot:1    | XOM: 1-stop teleportation journey
 67458 | Zot:1    | Reached skill level 23 in Fighting
 67489 | Zot:1    | Killed an orb of fire
 67575 | Zot:1    | XOM: noise
 67581 | Zot:1    | Killed an orb of fire
 67582 | Zot:1    | Reached skill level 24 in Unarmed Combat
 67605 | Zot:1    | XOM: scenery: create altars
 67609 | Zot:1    | XOM: noise
 67610 | Zot:1    | XOM: blink monster(s)
 67612 | Zot:1    | Killed Vv
 67666 | Zot:1    | XOM: give mutations
 67666 | Zot:1    | Lost mutation: You are highly strong-willed. (Will++)
                  | [Xom's mischief]
 67666 | Zot:1    | Lost mutation: Your flesh is almost immune to the effects
                  | of cold. (rC+++) [Xom's mischief]
 67666 | Zot:1    | Lost mutation: Your mind is very acute. (Int +8, Str/Dex
                  | -2) [Xom's mischief]
 67666 | Zot:1    | Lost mutation: You are resistant to electric shocks.
                  | (rElec) [Xom's mischief]
 67676 | Zot:1    | +0 storm dragon scales {rare}; a storm dragon corpse
 67732 | Zot:2    | Noticed an electric golem
 67742 | Zot:2    | Killed an electric golem
 67752 | Zot:2    | Noticed an electric golem
 67753 | Zot:2    | XOM: confuse monster(s)
 67760 | Zot:2    | Killed an electric golem
 67761 | Zot:2    | Reached XP level 26. HP: 130/136 MP: 25/36
 67937 | Zot:2    | Reached skill level 13 in Stealth
 67941 | Zot:2    | Noticed a curse toe
 67959 | Zot:2    | Killed a curse toe
 68200 | Zot:2    | Reached skill level 14 in Stealth
 68206 | Zot:2    | +0 storm dragon scales {rare}; a storm dragon corpse
 68221 | Zot:2    | XOM: scenery: summon butterflies
 68236 | Zot:2    | XOM: fog
 68245 | Zot:2    | XOM: blink monster(s)
 68388 | Zot:2    | +0 storm dragon scales {rare}; a storm dragon corpse
 68451 | Zot:2    | Reached skill level 15 in Stealth
 68467 | Zot:2    | XOM: enchant monster (bad)
 68594 | Zot:2    | XOM: enchant monster (bad)
 68610 | Zot:2    | XOM: fog
 68618 | Zot:2    | Reached skill level 16 in Stealth
 68687 | Zot:2    | Noticed an ancient lich
 68689 | Zot:2    | Killed an ancient lich
 68705 | Zot:2    | XOM: confuse monster(s)
 68720 | Zot:2    | Found a stormy altar of Qazlal.
 68765 | Zot:2    | XOM: scenery: 3 doors close
 68792 | Zot:2    | You pick up a book of Touch and begin reading...
 69002 | Zot:3    | Reached skill level 9 in Spellcasting
 69005 | Zot:3    | XOM: summons friendly iron imp
 69105 | Zot:3    | XOM: fog
 69147 | Zot:3    | Identified +0 gold dragon scales
 69149 | Zot:3    | +0 gold dragon scales {rare}; a golden dragon corpse
 69152 | Zot:3    | +0 gold dragon scales {rare}; a golden dragon corpse
 69209 | Zot:3    | Paralysed by a Zot trap for 3 turns
 69281 | Zot:3    | XOM: summons friendly red devil
 69285 | Zot:3    | Reached skill level 17 in Stealth
 69313 | Zot:3    | +0 storm dragon scales {rare}; a storm dragon corpse; a
                  | moth of wrath corpse
 69318 | Zot:3    | +0 storm dragon scales {rare}; a storm dragon corpse
 69320 | Zot:3    | XOM: cast spell 'Summon Dragon'
 69512 | Zot:3    | XOM: god gift: +6 heavy battleaxe
 69583 | Zot:4    | XOM: stealth player
 69602 | Zot:4    | XOM: scenery: summon butterflies
 69616 | Zot:4    | XOM: cloud trail
 69763 | Zot:4    | magus.rc [v1.10.3]
 69781 | Zot:4    | You pick up a book of Sloth and begin reading...
 69813 | Zot:4    | You pick up a book of Annihilations and begin reading...
 69813 | Zot:4    | You add the spells Chain Lightning and Fire Storm to your
                  | library.
 69873 | Zot:4    | XOM: scenery: summon butterflies
 69879 | Zot:4    | Reached skill level 10 in Spellcasting
 70057 | Zot:4    | XOM: confusion
 70058 | Zot:4    | XOM: chaos upgrade
 70091 | Zot:4    | XOM: polymorph wind drake -> moth of wrath
 70170 | Zot:4    | XOM: summons 6 hostile demons
 70224 | Zot:4    | Reached skill level 18 in Stealth
 70402 | Zot:4    | Reached XP level 27. HP: 138/142 MP: 0/38
 70548 | Zot:4    | XOM: noise
 70564 | Zot:4    | a +0 war axe; +0 storm dragon scales {rare}
 70601 | Zot:4    | Noticed an orb of fire
 70612 | Zot:4    | Killed an orb of fire
 70651 | Zot:4    | XOM: stat loss: -1 Int (13/14)
 70710 | Zot:5    | Entered Level 5 of the Realm of Zot
 70711 | Zot:5    | Found a transporter.
 70721 | Zot:5    | Found a transporter.
 70721 | Zot:5    | Noticed a curse toe
 70726 | Zot:5    | Killed a curse toe
 70734 | Zot:5    | Noticed a curse toe
 70778 | Zot:5    | Killed a curse toe
 70787 | Zot:5    | XOM: noise
 70794 | Zot:5    | Reached skill level 24 in Fighting
 70804 | Zot:5    | Found a transporter.
 70806 | Zot:5    | Found a transporter.
 70837 | Zot:5    | Found a transporter.
 70838 | Zot:5    | Found a transporter.
 70857 | Zot:5    | +0 shadow dragon scales {rare}; a shadow dragon corpse
 70954 | Zot:5    | XOM: cloud trail
 71295 | Tomb:3   | Identified the "Asi Zyroy"
 71295 | Tomb:3   | Identified the "Lasch"
 71295 | Tomb:3   | Identified the of Watuygur
 71295 | Tar:7    | Identified the "Onew"
 71295 | Coc:7    | Identified the of Hoazet
 71295 | Dis:7    | Identified the "Umowue"
 71295 | Pan      | Entered Pandemonium
 71322 | Pan      | Reached skill level 25 in Unarmed Combat
 71397 | Pan      | Found an exit through the horrors of the Abyss.
 71461 | Pan      | Reached skill level 11 in Spellcasting
 71468 | Pan      | Got a demonic rune of Zot
 71495 | Pan      | Noticed Jaosanke the pandemonium lord
 71499 | Pan      | XOM: polymorph Jaosanke -> Jaosanke
 71500 | Pan      | XOM: 5-stop teleportation journey
 71517 | Pan      | Killed Jaosanke the pandemonium lord
 71518 | Pan      | Reached skill level 19 in Stealth
 71606 | Pan      | XOM: give mutations
 71606 | Pan      | Lost mutation: Your spells are much harder to cast, but
                  | much more powerful. [Xom's mischief]
 71606 | Pan      | Lost mutation: You have a pair of large horns on your head.
                  | [Xom's mischief]
 71606 | Pan      | Lost mutation: Your flesh is very cold resistant. (rC++)
                  | [Xom's mischief]
 71687 | Pan      | You pick up a book of Blasting and begin reading...
 71756 | Pan      | Entered the realm of Mnoleg.
 71758 | Pan      | XOM: noise
 71797 | Pan      | Found an exit through the horrors of the Abyss.
 71817 | Pan      | XOM: summons 8 hostile demons
 72159 | Pan      | XOM: divination: detect creatures
 72212 | Pan      | Noticed Mnoleg
 72221 | Pan      | XOM: noise
 72225 | Pan      | XOM: enchant monster (bad)
 72238 | Pan      | XOM: 2-stop teleportation journey
 72256 | Pan      | Lost mutation: You are strong-willed. (Will+) [a cacodemon]
 72265 | Pan      | Gained mutation: You sometimes lose the ability to drink
                  | potions when taking damage. [a cacodemon]
 72339 | Pan      | Got a glowing rune of Zot
 72367 | Pan      | XOM: god gift: runed flail {god gift}
 72369 | Pan      | Killed Mnoleg
 72497 | Pan      | Lost mutation: Your muscles are very strong. (Str +8,
                  | Int/Dex -2) [a neqoxec]
 72608 | Pan      | Found an exit through the horrors of the Abyss.
 72692 | Pan      | XOM: noise
 72699 | Pan      | XOM: blink monster(s)
 72791 | Pan      | Noticed Enyppohe the pandemonium lord
 72802 | Pan      | Killed Enyppohe the pandemonium lord
 72803 | Pan      | Reached skill level 20 in Stealth
 72809 | Pan      | XOM: summons 4 hostile shadow creatures
 72826 | Pan      | Reached skill level 12 in Spellcasting
 72831 | Pan      | XOM: blink monster(s)
 72836 | Pan      | XOM: noise
 73018 | Pan      | Found a runed translucent door.
 73024 | Pan      | You pick up a book of Blasting and begin reading...
 73179 | Pan      | XOM: noise
 73195 | Pan      | Identified the +0 kite shield "Raublos" {Will+}
 73217 | Pan      | You pick up a book of Fire and begin reading...
 73217 | Pan      | You add the spells Foxfire and Plasma Beam to your library.
 73335 | Pan      | Entered the realm of Lom Lobon.
 73378 | Pan      | Found an exit through the horrors of the Abyss.
 73593 | Pan      | XOM: chaos upgrade
 73900 | Pan      | Noticed Lom Lobon
 73913 | Pan      | XOM: confusion (+ monsters)
 73913 | Pan      | HP: 28/144 [Lom Lobon/vortex (20)]
 73917 | Pan      | HP: 7/144 [Lom Lobon/vortex (17)]
 73918 | Pan      | Killed Lom Lobon
 73922 | Pan      | Got a magical rune of Zot
 74055 | Pan      | Reached skill level 21 in Stealth
 74114 | Pan      | Reached skill level 25 in Fighting
 74158 | Pan      | Lost mutation: Your flesh is cold resistant. (rC+) [potion
                  | of mutation]
 74158 | Pan      | Lost mutation: Your mind is acute. (Int +4, Str/Dex -1)
                  | [potion of mutation]
 74158 | Pan      | Gained mutation: You are resistant to electric shocks.
                  | (rElec) [potion of mutation]
 74158 | Pan      | Lost mutation: You are mostly covered in iridescent scales.
                  | (AC +4) [potion of mutation]
 74179 | Pan      | Noticed Pinudolebb the pandemonium lord
 74193 | Pan      | Killed Pinudolebb the pandemonium lord
 74282 | Pan      | Noticed Yxewk the pandemonium lord
 74285 | Pan      | XOM: butterfly on damage
 74397 | Pan      | XOM: 1-stop teleportation journey
 74430 | Pan      | Killed Yxewk the pandemonium lord
 74431 | Pan      | Reached skill level 26 in Unarmed Combat
 74459 | Pan      | XOM: summons 16 friendly demons
 74462 | Pan      | XOM: polymorph shadow imp -> white imp
 74586 | Pan      | XOM: summons 1 hostile shadow creature
 74601 | Pan      | XOM: noise
 74655 | Pan      | Found an exit through the horrors of the Abyss.
 74717 | Pan      | XOM: 1-stop teleportation journey
 74862 | Pan      | Reached skill level 22 in Stealth
 74972 | Pan      | Noticed Symo the pandemonium lord
 74976 | Pan      | XOM: polymorph Symo -> Symo
 74977 | Pan      | Killed Symo the pandemonium lord
 75087 | Pan      | Identified the +5 scimitar of Defence by Offence {distort,
                  | rN+ Str+6 Stlth+}
 75234 | Pan      | Noticed Mexoap the pandemonium lord
 75238 | Pan      | XOM: noise
 75246 | Pan      | XOM: confusion (+ monsters)
 75249 | Pan      | Killed Mexoap the pandemonium lord
 75263 | Pan      | XOM: confusion (+ monsters)
 75315 | Pan      | XOM: confusion
 75503 | Pan      | XOM: summons 2 hostile demons
 75624 | Pan      | Noticed Cutojaj the pandemonium lord
 75671 | Pan      | Reached skill level 23 in Stealth
 75674 | Pan      | Found an exit through the horrors of the Abyss.
 75686 | Pan      | XOM: enchant monster (bad)
 75727 | Pan      | Took an exit into the Abyss.
 75727 | Abyss:1  | You pass through the gate.
 75727 | Abyss:1  | Escaped into the Abyss
 75737 | Abyss:1  | Found a corrupted altar of Lugonu.
 75813 | Abyss:1  | Gained mutation: You are frail. (-10% HP) [a neqoxec]
 75827 | Abyss:1  | Found a shimmering altar of Xom.
 76109 | Abyss:2  | Found a corrupted altar of Lugonu.
 76118 | Abyss:2  | Reached skill level 26 in Fighting
 76167 | Abyss:3  | XOM: fog
 76174 | Abyss:3  | Paralysed by accursed screaming for 1 turns
 76237 | Abyss:3  | XOM: god gift: dagger {god gift}
 76343 | Abyss:3  | XOM: give mutation
 76343 | Abyss:3  | Gained mutation: Your spells are much harder to cast, but
                  | much more powerful. [Xom's grace]
 76407 | Abyss:3  | XOM: divination: detect creatures
 76486 | Abyss:3  | Reached skill level 24 in Stealth
 76548 | Abyss:3  | XOM: smoke on damage
 76742 | Abyss:3  | Got an abyssal rune of Zot
 76828 | Abyss:3  | XOM: polymorph iron imp -> quasit
 76932 | Depths:4 | You pass through the gate.
 76932 | Depths:4 | Escaped the Abyss
 77037 | Coc:1    | Entered Level 1 of Cocytus
 77058 | Coc:1    | XOM: potion effect (heal wounds)
 77060 | Coc:1    | Reached skill level 25 in Stealth
 77242 | Coc:2    | XOM: swap monsters
 77290 | Coc:2    | XOM: draining
 77551 | Coc:3    | Reached skill level 26 in Stealth
 77658 | Coc:3    | XOM: destruction
 77703 | Coc:3    | XOM: noise
 77739 | Coc:4    | XOM: summons 2 friendly demons
 77742 | Coc:4    | XOM: potion effect (haste)
 77775 | Coc:4    | XOM: silly message
 77886 | Coc:4    | XOM: silly message
 77960 | Coc:5    | XOM: divination: magic mapping
 77971 | Coc:5    | Reached skill level 27 in Stealth
 77971 | Coc:5    | XOM: potion effect (magic)
 78112 | Coc:5    | You are sucked into a shaft and drop 1 floor!
 78112 | Coc:6    | XOM: stealth player
 78128 | Coc:6    | XOM: potion effect (heal wounds)
 78133 | Coc:6    | XOM: silly message
 78142 | Coc:6    | HP: 24/132 [??? (14)]
 78143 | Coc:6    | XOM: potion effect (invisibility)
 78154 | Coc:6    | Mangled by a juggernaut simulacrum
 78256 | Coc:6    | XOM: cloud trail
 78280 | Coc:7    | Entered Level 7 of Cocytus
 78418 | Coc:7    | XOM: stat loss: -1 Int (10/11)
 78602 | Coc:7    | XOM: god gift: sack of spiders
 78669 | Coc:7    | Reached skill level 8 in Air Magic
 78780 | Coc:7    | XOM: god gift: wand of iceblast (6)
 78782 | Coc:7    | XOM: noise
 78890 | Coc:7    | XOM: 3-stop teleportation journey
 78938 | Coc:7    | XOM: polymorph Ice Fiend -> Tzitzimitl
 78941 | Coc:7    | XOM: polymorph ice dragon -> eight-headed hydra
 78969 | Coc:7    | HP: 27/132 [??? (16)]
 79177 | Coc:7    | Noticed Antaeus
 79276 | Coc:7    | XOM: god gift: scroll of blinking
 79280 | Coc:7    | Reached skill level 19 in Translocations
 79396 | Coc:7    | Noticed the Serpent of Hell
 79411 | Coc:7    | Killed the Serpent of Hell
 79600 | Coc:7    | XOM: enchant monster (bad)
 79601 | Coc:7    | Reached skill level 21 in Dodging
 79731 | Coc:7    | Killed Antaeus
 79739 | Coc:7    | Got an icy rune of Zot
 79747 | Coc:7    | You pick up a book of Armaments and begin reading...
 79748 | Coc:7    | Identified the ring of Dim Light {rN++ MP+9}
 79752 | Coc:7    | Identified the +0 leather armour "Aseys" {Slay+3}
 80232 | Zot:2    | XOM: give mutation
 80232 | Zot:2    | Gained mutation: You have an increased reservoir of magic.
                  | (+10% MP) [Xom's grace]
 80292 | Zot:5    | XOM: enchant monster (good)
 80312 | Zot:5    | Noticed an ancient lich
 80314 | Zot:5    | Reached skill level 13 in Spellcasting
 80316 | Zot:5    | Killed an ancient lich
 80328 | Zot:5    | XOM: enchant monster (good)
 80330 | Zot:5    | Identified +0 gold dragon scales
 80343 | Zot:5    | +0 gold dragon scales {rare}; a golden dragon corpse
 80352 | Zot:5    | +0 storm dragon scales {rare}; a storm dragon corpse
 80354 | Zot:5    | +0 storm dragon scales {rare}; a storm dragon corpse
 80358 | Zot:5    | Reached skill level 10 in Evocations
 80360 | Zot:5    | +0 storm dragon scales {rare}; a storm dragon corpse
 80362 | Zot:5    | +0 storm dragon scales {rare}; a storm dragon corpse
 80367 | Zot:5    | +0 storm dragon scales {rare}; a storm dragon corpse
 80373 | Zot:5    | Noticed an orb of fire
 80389 | Zot:5    | Killed an orb of fire
 80389 | Zot:5    | Noticed an ancient lich
 80391 | Zot:5    | Reached skill level 27 in Shapeshifting
 80391 | Zot:5    | XOM: chaos upgrade
 80394 | Zot:5    | Noticed an orb of fire
 80394 | Zot:5    | Noticed an ancient lich
 80397 | Zot:5    | Noticed an electric golem
 80397 | Zot:5    | Noticed a dread lich
 80400 | Zot:5    | Killed an ancient lich
 80404 | Zot:5    | Killed an ancient lich
 80407 | Zot:5    | XOM: cast spell 'Metabolic Englaciation'
 80409 | Zot:5    | Killed an orb of fire
 80416 | Zot:5    | Killed a dread lich
 80418 | Zot:5    | Killed an electric golem
 80419 | Zot:5    | Noticed an electric golem
 80420 | Zot:5    | Noticed an orb of fire
 80420 | Zot:5    | XOM: polymorph Killer Klown -> titan
 80421 | Zot:5    | XOM: 1-stop teleportation journey
 80426 | Zot:5    | Lost mutation: Your muscles are strong. (Str +4, Int/Dex
                  | -1) [an orb of fire]
 80434 | Zot:5    | XOM: cast spell 'Chain of Chaos'
 80437 | Zot:5    | XOM: noise
 80437 | Zot:5    | Gained mutation: Your body sometimes deteriorates upon
                  | taking damage. [an orb of fire]
 80438 | Zot:5    | Killed an orb of fire
 80438 | Zot:5    | XOM: divination: magic mapping
 80438 | Zot:5    | HP: 15/133 [titan (31)]
 80440 | Zot:5    | XOM: stat loss: -1 Dex (26/27)
 80444 | Zot:5    | Mangled by a Killer Klown
 80470 | Zot:5    | +0 gold dragon scales {rare}; a golden dragon corpse
 80475 | Zot:5    | +0 storm dragon scales {rare}; a storm dragon corpse
 80488 | Zot:5    | XOM: blink monster(s)
 80571 | Zot:5    | Reached skill level 11 in Evocations
 80616 | Zot:5    | XOM: swap monsters
 80621 | Zot:5    | XOM: stat loss: -1 Dex (26/27)
 80631 | Zot:5    | Got the Orb of Zot
 80658 | Zot:5    | a throwing net {=f!f}; +0 shadow dragon scales {rare}; a
                  | shadow dragon skeleton
 80658 | Zot:5    | XOM: stat loss: -1 Dex (25/27)
 80663 | Zot:5    | Noticed Ripoclif the pandemonium lord
 80668 | Zot:5    | +0 gold dragon scales {rare}; a golden dragon skeleton
 80881 | D:15     | Noticed Oventaiddo the pandemonium lord
 80883 | D:15     | Killed Oventaiddo the pandemonium lord
 80909 | D:14     | Noticed Nulihixo the pandemonium lord
 81011 | D:8      | XOM: cloud trail
 81059 | D:5      | Noticed Fell the pandemonium lord
 81211 | D:$      | Escaped with the Orb!

Vanquished Creatures
  Antaeus (Coc:7)
  7 pandemonium lords
  the Royal Jelly (Slime:5)
  the Serpent of Hell (Coc:7)
  Mnoleg (Pan)
  Lom Lobon (Pan)
  8 orbs of fire
  4 dread liches
  Mara (Spider:4)
  5 ancient liches
  A juggernaut (Zot:1)
  Boris (Depths:4)
  Josephina (Zot:1)
  8 Killer Klowns
  16 shard shrikes
  Vv (Zot:1)
  3 curse toes
  Geryon (Hell)
  A caustic shrike (Depths:2)
  12 golden dragons
  Norris (Elf:1)
  3 electric golems
  4 bone dragons
  5 Brimstone Fiends
  A hellephant (Abyss:3)
  2 Tzitzimimeh
  A doom hound (Zot:1)
  Rupert (D:14)
  22 tentacled monstrosities
  3 Hell Sentinels (Pan)
  10 liches
  21 Ice Fiends
  24 Orb Guardians
  Zenata (Crypt:1)
  2 deep elf master archers (Elf:3)
  13 titans
  2 deep elf blademasters (Elf:3)
  5 searing wretches (Hell)
  8 quicksilver dragons
  A tentacled starspawn (Abyss:3)
  14 acid blobs
  4 sphinxes
  3 walking frostbound tomes
  7 Executioners (Pan)
  4 ancient champions
  8 shadow dragons
  16 death cobs
  6 tengu reavers
  15 azure jellies
  13 storm dragons
  2 thorn hunters
  12 draconian monks
  Kirke (Lair:3)
  A revenant (Crypt:1)
  4 demonspawn warmongers (Pan)
  13 narguns
  2 draconian knights
  Donald (Elf:2)
  11 rockslimes
  12 frost giants
  3 fire giants
  A daeva (D:10)
  7 emperor scorpions
  20 vault wardens
  2 deep elf elementalists (Elf:3)
  3 caustic shrike zombies (Depths:3)
  4 draconian scorchers
  15 ghost moths
  5 deep elf sorcerers
  3 balrugs
  4 iron dragons
  9 shard shrike simulacra
  4 spectral caustic shrikes (Depths:4)
  A spriggan defender (Depths:2)
  4 draconian stormcallers
  6 draconian shifters
  15 cacodemons (Pan)
  3 curse skulls (Crypt:2)
  4 demonspawn corrupters (Pan)
  4 orc warlords
  5 draconian annihilators
  24 ironbound preservers
  3 ghouls (Crypt:1)
  13 ironbound thunderhulks
  19 very ugly things
  3 demonspawn blood saints (Pan)
  14 reapers
  A broodmother (shapeshifter) (Vaults:5)
  5 formless jellyfish
  A broodmother (Spider:4)
  10 vampire knights
  10 stone giants
  13 quicksilver oozes (Slime:5)
  8 deep elf demonologists
  6 demonspawn black suns (Pan)
  8 war gargoyles
  10 black draconians
  6 eleionomae
  3 putrid mouths (Hell)
  24 elemental wellsprings
  13 green draconians
  14 dire elephants
  8 deep elf annihilators
  7 lorocyprocas (Pan)
  10 red draconians
  11 yellow draconians
  A minotaur (Gauntlet)
  5 spark wasps
  16 wendigos
  14 white draconians
  14 purple draconians
  5 eidola
  Snorg (Orc:2)
  4 bunyips
  7 deep elf death magi
  A merfolk javelineer (Depths:4)
  5 ettins
  4 crystal guardians
  2 iron golems (Hell)
  6 deep elf high priests
  14 green deaths
  17 blizzard demons
  13 fire dragons
  A merfolk impaler (Abyss:3)
  A kraken zombie (Hell)
  A shambling mangrove (Lair:3)
  9 entropy weavers
  4 spriggan zombies
  9 yaktaur captains
  A quicksilver dragon skeleton (Crypt:3)
  4 juggernaut simulacra
  8 caustic shrike simulacra
  A fenstrider witch zombie (Crypt:3)
  15 ice dragons
  A jorogumo (Spider:3)
  A sphinx zombie (Depths:3)
  13 great orbs of eyes
  2 hell beasts (Pan)
  20 jiangshi
  32 vault guards
  3 spriggan air magi
  2 catoblepae
  3 death knights
  2 ogre magi
  2 peacekeepers
  8 rakshasas
  3 ghost crabs
  32 hydras
  6 boulder beetles
  11 alligators
  3 two-headed ogres
  4 ironbound frosthearts
  A deep troll shaman (Depths:4)
  10 centaur warriors
  Erica (D:11)
  21 dancing weapons
  A death yak (Vaults:3)
  3 radroaches
  A spriggan skeleton (Crypt:2)
  Urug (Lair:3)
  An alligator snapping turtle (Vaults:2)
  8 death scarabs (Spider:4)
  4 thrashing horrors
  4 hell hogs (Hell)
  8 demonic crawlers
  A stoker (Hell)
  6 deep troll earth magi
  9 vampire magi
  2 orc high priests
  2 tengu warriors
  6 occultists
  3 spriggan berserkers
  29 sun demons
  27 hell knights
  Sonja (Orc:2)
  23 soul eaters
  5 wretched stars
  4 deep elf knights
  6 iron trolls
  8 sixfirhies (Pan)
  A titan skeleton (Crypt:2)
  6 pharaoh ants
  5 quicksilver dragon simulacra
  2 salamander mystics
  6 goliath frogs
  2 shadow wraiths
  4 skysharks
  35 skeletal warriors
  2 golden dragon zombies
  2 bunyip zombies
  10 glowing orange brains
  2 anaconda zombies (Hell)
  A spark wasp zombie (Depths:1)
  A spriggan druid (Swamp:3)
  An orange crystal statue (IceCv)
  A sun moth (Spider:3)
  An obsidian statue (IceCv)
  A sea snake (Lair:2)
  8 deep elf archers
  57 deep trolls
  9 orb spiders
  6 flayed ghosts
  17 ironbound convokers
  4 shadow demons
  15 spriggan simulacra
  23 necromancers
  A tengu zombie (Depths:3)
  A harpy (shapeshifter) (Spider:2)
  7 bog bodies
  A steelbarb worm (shapeshifter) (Vaults:5)
  3 phantasmal warriors
  Pikel (D:5)
  13 swamp dragons
  2 fenstrider witch simulacra (Coc:1)
  A shadow dragon skeleton (Vaults:3)
  21 deep elf pyromancers
  22 deep elf zephyrmancers
  12 arcanists
  8 steelbarb worms
  6 lindwurms
  12 orc knights
  A stone giant zombie (Crypt:2)
  An orc sorcerer (Orc:2)
  18 wolf spiders
  2 iron dragon zombies
  3 tengu skeletons
  A frost giant zombie (Depths:3)
  3 alligator zombies (Hell)
  9 shining eyes
  26 ugly things
  A human zombie (Vaults:4)
  6 salamanders
  4 manticores
  15 elephants
  2 shining eyes (shapeshifter)
  4 will-o-the-wisps
  A manticore (shapeshifter) (Depths:4)
  4 cyclopes
  A dire elephant zombie (Crypt:1)
  4 stone giant skeletons
  A toenail golem (Zot:3)
  A worldbinder (Abyss:1)
  27 moths of wrath
  Maurice (D:11)
  An iron dragon skeleton (Depths:3)
  An ice statue (Hell)
  3 frost giant skeletons
  7 titan simulacra
  35 smoke demons
  4 black mambas
  2 naga zombies
  A rust devil (Pan)
  15 eyes of devastation
  14 orange demons
  An elf skeleton (Vaults:3)
  15 vault sentinels
  An apocalypse crab (Abyss:1)
  A gargoyle (D:12)
  4 torpor snails
  2 guardian serpents
  A water nymph (shapeshifter) (Depths:2)
  15 cane toads
  3 storm dragon simulacra
  An emperor scorpion simulacrum (Coc:1)
  A catoblepas zombie (Crypt:2)
  A green draconian zombie (Crypt:1)
  Psyche (D:8)
  A rime drake (shapeshifter) (Depths:2)
  15 freezing wraiths
  Jeremiah (D:6)
  23 yaktaurs
  A spectral redback (Spider:4)
  6 hellions
  A purple draconian skeleton (Crypt:2)
  A redback zombie (Spider:4)
  4 rime drakes
  A centaur skeleton (Hell)
  An unseen horror (D:10)
  A bunyip simulacrum (Coc:1)
  7 komodo dragons
  A golden dragon simulacrum (Coc:2)
  A yellow draconian skeleton (Crypt:2)
  8 ice devils
  7 anaconda simulacra
  3 red devils
  5 tormentors
  2 tengu conjurers
  3 yaktaur skeletons (Vaults:3)
  3 harpy zombies (Crypt:3)
  3 iron giant simulacra
  A hydra zombie (Hell)
  3 efreet
  4 ancient zymes
  A meliai (shapeshifter) (Vaults:5)
  A great orb of eyes zombie (Crypt:1)
  6 meliai
  4 tyrant leeches
  7 trolls
  A polar bear (shapeshifter) (Depths:2)
  3 spectral tarantellas (Spider:4)
  2 bloated husks
  10 hellwings (Pan)
  14 hornets
  A tengu simulacrum (Crypt:2)
  2 tarantella zombies (Spider:4)
  A fire dragon zombie (Crypt:3)
  An alligator simulacrum (IceCv)
  6 raiju (Abyss:3)
  2 iron dragon simulacra
  34 tarantellas
  5 harpy skeletons
  10 glass eyes
  12 blink frogs
  2 jumping spider zombies (Spider:4)
  A spectral culicivora (Spider:4)
  2 shadow dragon simulacra
  A draconian simulacrum (Zot:1)
  A stone giant simulacrum (Coc:5)
  5 centaur simulacra
  3 air elementals
  A spectral jumping spider (Spider:4)
  A frost giant simulacrum (Vaults:4)
  113 slime creatures
  An ettin zombie (Crypt:2)
  A culicivora (shapeshifter) (D:13)
  11 spriggans
  8 wraiths
  10 wyverns
  19 ynoxinuls
  32 jumping spiders
  24 culicivoras
  2 shadows (D:11)
  31 flying skulls
  12 water elementals
  2 basilisks
  2 ettin skeletons
  28 starcursed masses
  5 dire elephant simulacra
  2 fire elementals (D:15)
  A vampire (D:12)
  3 fire bats (Lair:4)
  3 hogs (Lair:3)
  2 small abominations (Abyss:1)
  55 yaks
  2 humans (shapeshifter)
  A steam dragon (Vaults:3)
  Grum (D:9)
  27 golden eyes
  59 redbacks
  2 alligator snapping turtle simulacra
  A sea snake simulacrum (Hell)
  A white draconian simulacrum (Zot:1)
  31 chaos spawn
  15 neqoxecs
  Menkaure (D:4)
  4 minotaur simulacra (IceCv)
  17 vampire mosquitoes
  3 wargs
  2 glowing shapeshifter zombies (Depths:3)
  15 harpy simulacra
  2 hydra simulacra
  A water nymph zombie (Crypt:1)
  An acid dragon (D:9)
  17 swamp worms
  14 water moccasins
  Duvessa (D:4)
  2 hell hounds (D:15)
  11 swamp drakes
  A moth of wrath simulacrum (Zot:1)
  49 orc warriors
  5 ettin simulacra
  2 ice beasts
  31 large abominations
  A meliai simulacrum (Gauntlet)
  A hornet zombie (Ossuary)
  A sky beast (D:7)
  A black bear (Lair:2)
  18 wolves
  An ogre (shapeshifter) (D:11)
  5 ogres
  6 boggarts
  3 human skeletons
  10 centaurs
  2 lemures (D:5)
  A kobold brigand (D:10)
  A gnoll sergeant (D:11)
  Blork the orc (D:6)
  12 bullfrogs
  7 scorpions
  3 necrophages (Crypt:3)
  3 naga simulacra (Coc:2)
  A wyvern zombie (Ossuary)
  3 deep troll simulacra (IceCv)
  3 water moccasin zombies (Ossuary)
  4 earth elementals
  A cane toad simulacrum (Gauntlet)
  12 wights
  Dowan (D:4)
  3 jellies
  11 killer bees
  2 lindwurm simulacra (IceCv)
  6 electric eels
  8 howler monkeys
  5 centaur zombies
  2 quasits
  3 bullfrog zombies (Ossuary)
  27 orc priests
  4 hounds
  3 iron imps
  3 sleepcaps
  3 iguanas
  25 orc wizards
  3 hell rats (Lair:5)
  2 killer bee zombies (Ossuary)
  An ogre zombie (Crypt:1)
  An ogre skeleton (Crypt:1)
  15 mummies
  Robin (D:2)
  5 gnolls
  3 howler monkey zombies (Ossuary)
  8 adders
  8 river rats (Lair:5)
  A white imp (D:8)
  10 ufetubi
  5 worms
  4 dart slugs
  93 orcs
  5 ball pythons
  7 bats
  10 endoplasms
  3 giant cockroaches
  17 goblins
  9 hobgoblins
  7 jackals
  13 kobolds
  5 quokkas
  7 frilled lizards
  An orc zombie (Crypt:2)
  A quokka zombie (Crypt:2)
  13 rats
  A rat skeleton (Crypt:1)
  A starspawn tentacle (Pan)
  2 tentacles (Hell)
3248 creatures vanquished.

Vanquished Creatures (collateral kills)
  A shard shrike (Coc:7)
  A cacodemon (Pan)
  A caustic shrike skeleton (Crypt:1)
  A purple draconian (Zot:5)
  A vault guard (Vaults:2)
  A spriggan air mage (Depths:4)
  3 hell hogs (Depths:3)
  A spriggan (Depths:4)
  A skeletal warrior (Vaults:3)
  Amaemon (D:9)
  A bunyip zombie (Crypt:1)
  2 orc knights (Vaults:1)
  A necromancer (Crypt:1)
  A smoke demon (Depths:3)
  An elephant (Lair:5)
  A centaur skeleton (Crypt:1)
  An orange demon (Pan)
  A hornet (Depths:4)
  A blink frog (Lair:5)
  A jumping spider (Spider:3)
  2 redbacks (Spider:3)
  A bullfrog (Lair:5)
  2 jackals (D:2)
  A rat (Lair:5)
  A rat skeleton (Crypt:1)
30 creatures vanquished.

Vanquished Creatures (others)
  An Ice Fiend (Coc:6)
  An eldritch tentacle (Pan)
  A dire elephant (Vaults:1)
  A vault guard (Vaults:5)
  A juggernaut simulacrum (Coc:7)
  2 dancing weapons
  A soul eater (Hell)
  2 quicksilver dragon simulacra
  A spriggan simulacrum (Coc:5)
  A bog body (Lair:3)
  A deep elf zephyrmancer (Elf:3)
  A hornet (Lair:3)
  A blink frog (Lair:1)
  A water elemental (Elf:2)
  An alligator snapping turtle simulacrum (Coc:3)
  A dire elephant simulacrum (Coc:2)
  A chaos spawn (Pan)
  A redback (Spider:4)
  A harpy simulacrum (Coc:6)
  A hydra simulacrum (Coc:2)
  A swamp drake (Swamp:4)
  An ogre (D:4)
  A naga simulacrum (Coc:5)
  An orc wizard (Orc:2)
  A hobgoblin (D:4)
  A creeping inferno (Hell)
  6 foxfires (Swamp:2)
  5 starspawn tentacles
  9 tentacles (Hell)
48 creatures vanquished.

Grand Total: 3326 creatures vanquished

Table legend:
 A = Non-vault XP
 B = Vault XP
 C = Vault XP percentage of total XP
 D = Non-vault monster count
 E = Vault monster count
 F = Vault count percentage of total count
                 A         B        C        D         E       F
            +---------+---------+-------+---------+---------+-------
      Total | 1105648 | 1028492 |  48.2 |    1973 |    1279 |  39.3
            +---------+---------+-------+---------+---------+-------
        D:1 |      43 |       0 |   0.0 |      25 |       0 |   0.0
        D:2 |     152 |      36 |  19.1 |      31 |      12 |  27.9
        D:3 |      81 |       0 |   0.0 |      22 |       0 |   0.0
        D:4 |      61 |     435 |  87.7 |      14 |       6 |  30.0
        D:5 |    1171 |     633 |  35.1 |      22 |       3 |  12.0
        D:6 |     655 |     548 |  45.6 |      23 |       4 |  14.8
        D:7 |     386 |      78 |  16.8 |       9 |       2 |  18.2
        D:8 |    3750 |    2602 |  41.0 |      35 |      15 |  30.0
        D:9 |    2359 |    2108 |  47.2 |      21 |       8 |  27.6
       D:10 |    3659 |       0 |   0.0 |      24 |       0 |   0.0
       D:11 |    1563 |    2617 |  62.6 |      17 |       6 |  26.1
       D:12 |    1586 |       0 |   0.0 |      13 |       0 |   0.0
       D:13 |    8093 |     605 |   7.0 |      19 |       1 |   5.0
       D:14 |    5919 |    6859 |  53.7 |      15 |      10 |  40.0
       D:15 |    9835 |    2445 |  19.9 |      15 |       6 |  28.6
     Lair:1 |    4615 |       0 |   0.0 |      17 |       0 |   0.0
     Lair:2 |    3371 |    1335 |  28.4 |      15 |       4 |  21.1
     Lair:3 |   14370 |    3665 |  20.3 |      44 |      14 |  24.1
     Lair:4 |    3869 |    1689 |  30.4 |      11 |       7 |  38.9
     Lair:5 |   14819 |    8549 |  36.6 |      45 |      50 |  52.6
    Swamp:1 |    8194 |       0 |   0.0 |      18 |       0 |   0.0
    Swamp:2 |   18269 |     401 |   2.1 |      32 |       3 |   8.6
    Swamp:3 |   14691 |    6397 |  30.3 |      20 |       8 |  28.6
    Swamp:4 |    9682 |   18009 |  65.0 |      16 |      28 |  63.6
   Spider:1 |   12292 |       0 |   0.0 |      37 |       0 |   0.0
   Spider:2 |   22160 |   10022 |  31.1 |      49 |      17 |  25.8
   Spider:3 |   20529 |       0 |   0.0 |      61 |       0 |   0.0
   Spider:4 |   14062 |   29447 |  67.7 |      40 |      50 |  55.6
    Slime:1 |    5745 |    3835 |  40.0 |       9 |       9 |  50.0
    Slime:2 |   14377 |       0 |   0.0 |      28 |       0 |   0.0
    Slime:3 |   17085 |       0 |   0.0 |      34 |       0 |   0.0
    Slime:4 |   18788 |       0 |   0.0 |      50 |       0 |   0.0
    Slime:5 |   15360 |   27272 |  64.0 |      26 |      25 |  49.0
      Orc:1 |    1161 |     571 |  33.0 |      22 |       1 |   4.3
      Orc:2 |    1921 |    7800 |  80.2 |      21 |      71 |  77.2
      Elf:1 |    5510 |   10314 |  65.2 |      11 |      13 |  54.2
      Elf:2 |    8287 |    2954 |  26.3 |      16 |       3 |  15.8
      Elf:3 |   17462 |   36981 |  67.9 |      32 |      36 |  52.9
   Vaults:1 |   37479 |   14843 |  28.4 |      51 |      41 |  44.6
   Vaults:2 |   23771 |   33891 |  58.8 |      36 |      38 |  51.4
   Vaults:3 |   33051 |   34813 |  51.3 |      49 |      47 |  49.0
   Vaults:4 |   23439 |   39256 |  62.6 |      30 |      49 |  62.0
   Vaults:5 |   14494 |   83412 |  85.2 |      14 |      70 |  83.3
    Crypt:1 |   29771 |    6251 |  17.4 |      42 |       6 |  12.5
    Crypt:2 |   31396 |    7722 |  19.7 |      49 |      14 |  22.2
    Crypt:3 |       0 |   50426 | 100.0 |       0 |      73 | 100.0
   Depths:1 |   22669 |    8435 |  27.1 |      33 |       7 |  17.5
   Depths:2 |   20065 |   20019 |  49.9 |      25 |      21 |  45.7
   Depths:3 |   17971 |   35747 |  66.5 |      21 |      47 |  69.1
   Depths:4 |   26267 |   38652 |  59.5 |      33 |      27 |  45.0
       Hell |   18835 |   40994 |  68.5 |      26 |      43 |  62.3
      Coc:1 |   10542 |       0 |   0.0 |      21 |       0 |   0.0
      Coc:2 |   12208 |       0 |   0.0 |      21 |       0 |   0.0
      Coc:3 |   10626 |    1337 |  11.2 |      18 |       3 |  14.3
      Coc:4 |   15987 |       0 |   0.0 |      19 |       0 |   0.0
      Coc:5 |   14365 |       0 |   0.0 |      18 |       0 |   0.0
      Coc:6 |   33105 |       0 |   0.0 |      24 |       0 |   0.0
      Coc:7 |   27872 |   83766 |  75.0 |      31 |      48 |  60.8
      Zot:1 |   37070 |   46144 |  55.5 |      31 |      21 |  40.4
      Zot:2 |   45563 |   36875 |  44.7 |      36 |      32 |  47.1
      Zot:3 |   46451 |   13000 |  21.9 |      37 |      11 |  22.9
      Zot:4 |   51576 |       0 |   0.0 |      41 |       0 |   0.0
      Zot:5 |   31878 |   90600 |  74.0 |      24 |      38 |  61.3
    Abyss:1 |    9466 |      42 |   0.4 |      41 |       1 |   2.4
    Abyss:2 |     920 |       0 |   0.0 |       1 |       0 |   0.0
    Abyss:3 |   26878 |    4011 |  13.0 |      59 |       8 |  11.9
        Pan |  126001 |  132534 |  51.3 |     183 |     144 |  44.0
    Ossuary |       0 |    1161 | 100.0 |       0 |      31 | 100.0
      IceCv |       0 |   11996 | 100.0 |       0 |      32 | 100.0
    Volcano |       0 |     218 | 100.0 |       0 |       2 | 100.0
   Gauntlet |       0 |    4140 | 100.0 |       0 |      13 | 100.0
            +---------+---------+-------+---------+---------+-------

Skill      XL: |  1  2  3  4  5  6  7  8  9 10 11 12 13 14 15 16 17 18 19 20 21 22 23 24 25 26 27 |
---------------+----------------------------------------------------------------------------------+-----
Stealth        | 1 2 3 4 5 6 12 18 27 | 27.0
Fighting       | 4 5 6 9 10 12 13 14 15 16 17 18 19 20 21 22 23 26 | 26.8
Unarmed Combat | 4 5 6 8 13 15 16 17 18 19 20 21 23 24 26 | 26.8
Dodging        | 8 9 10 11 13 14 15 16 18 20 21 | 21.9
Shapeshifting  | 5 6 10 12 14 16 19 23 25 26 27 | 27.0
Evocations     | 2 6 8 9 11 | 11.2
Translocations | 8 11 13 15 16 18 19 | 19.0
Air Magic      | 2 5 6 7 8 |  8.0
Spellcasting   | 3 5 6 8 10 13 | 13.7

Action                     |  1- 3 |  4- 6 |  7- 9 | 10-12 | 13-15 | 16-18 | 19-21 | 22-24 | 25-27 || total
---------------------------+-------+-------+-------+-------+-------+-------+-------+-------+-------++-------
  Melee: Unarmed           |   146 |   203 |   173 |   563 |  1184 |  1304 |  1371 |  1188 |  2398 ||  8530
         Bite              |    15 |    21 |    21 |    72 |   170 |   196 |   239 |   111 |       ||   845
         Punch             |     5 |     7 |    13 |    66 |   145 |   182 |   271 |   180 |   308 ||  1177
         Headbutt          |       |    25 |    37 |   152 |   293 |   338 |   420 |   128 |       ||  1393
         Tailslap          |       |       |       |       |       |       |       |    57 |       ||    57
   Cast: Vhi's Electric Ch |       |       |       |       |     3 |    86 |    64 |    70 |    13 ||   236
         Teleport Other    |       |       |       |       |       |     2 |     1 |       |       ||     3
         Passage of Golubr |       |       |       |       |       |     1 |       |     1 |       ||     2
         Manifold Assault  |       |       |       |       |       |       |       |   148 |   545 ||   693
         Dispersal         |       |       |       |       |       |       |       |     2 |       ||     2
Ability: Evoke Blink       |       |       |       |       |       |       |     1 |       |     1 ||     2
         Breathe Fire      |       |       |       |       |       |       |       |     2 |       ||     2
         Blinkbolt         |       |       |       |       |       |       |       |     8 |    54 ||    62
  Evoke: Wand              |       |       |     3 |       |    14 |    19 |    76 |       |     3 ||   115
         Condenser vane    |       |       |       |       |     2 |     4 |     1 |     1 |     1 ||     9
         Box of beasts     |       |       |       |       |     1 |     1 |     2 |       |       ||     4
         Phantom mirror    |       |       |       |       |       |     2 |       |       |     2 ||     4
         Horn of Geryon    |       |       |       |       |       |       |       |       |     1 ||     1
    Use: Potion            |     2 |     3 |     1 |       |     6 |    12 |     3 |     6 |    20 ||    53
         Scroll            |     1 |     9 |     6 |     6 |    18 |    18 |     8 |     9 |    18 ||    93
   Stab: Sleeping          |     6 |    12 |     9 |    17 |    24 |     5 |    17 |    19 |    14 ||   123
         Distracted        |       |     1 |     1 |     4 |     8 |     9 |    10 |     3 |    20 ||    56
         Invisible         |       |       |     2 |       |       |       |       |       |     9 ||    11
         Confused          |       |       |       |     4 |     4 |     4 |     1 |       |     6 ||    19
         Petrified         |       |       |       |     1 |     1 |       |     2 |     2 |       ||     6
         Paralysed         |       |       |       |     1 |     5 |     2 |    20 |       |     3 ||    31
         Petrifying        |       |       |       |       |     4 |       |     5 |     1 |       ||    10
 Armour: Skin              |    52 |    55 |    64 |   173 |   371 |   455 |   300 |   378 |   322 ||  2170
  Dodge: Dodged            |   134 |   136 |   135 |   527 |  1319 |  1360 |  1403 |   832 |  1881 ||  7727
  Block: Other             |       |       |       |       |       |   101 |    35 |    20 |       ||   156
   Form: Beast             |       |       |     1 |       |     1 |     1 |     1 |       |       ||     4
         Blade             |       |       |       |       |     3 |     1 |     1 |       |       ||     5
                           |       |       |       |       |     1 |       |       |       |       ||     1
         Dragon            |       |       |       |       |       |       |       |     1 |       ||     1
         Statue            |       |       |       |       |       |       |       |     2 |       ||     2
         Storm             |       |       |       |       |       |       |       |     2 |       ||     2

Illustrated notes

Table legend:
 A = Kills in this place as a percentage of kills in the entire game.
 B = Kills by you in this place as a percentage of kills by you in the entire game.
 C = Kills by friends in this place as a percentage of kills by friends in the entire game.
 D = Other kills in this place as a percentage of other kills in the entire game.
 E = Experience gained in this place as a percentage of experience gained in the entire game.
 F = Experience gained in this place divided by the number of levels of this place that you have seen.
                   A       B       C       D       E      F
               +-------+-------+-------+-------+-------+----------------------
         Total | 100.0 | 100.0 | 100.0 | 100.0 | 100.0 | 26818.2
       Dungeon |  11.8 |  11.8 |  10.0 |  11.8 |   3.0 | 4321.1
          Lair |   6.3 |   6.2 |  13.3 |  17.6 |   2.6 | 11256.4
         Swamp |   3.8 |   3.9 |   0.0 |   0.0 |   3.5 | 18910.8
   Spider Nest |   7.8 |   7.8 |  10.0 |   0.0 |   5.1 | 27128.0
    Slime Pits |   5.5 |   5.6 |   0.0 |   5.9 |   4.8 | 20492.4
  Orcish Mines |   3.5 |   3.5 |   0.0 |   5.9 |   0.5 | 5726.5
   Elven Halls |   3.4 |   3.4 |   0.0 |   5.9 |   3.8 | 27169.3
        Vaults |  13.0 |  12.9 |  13.3 |  29.4 |  15.8 | 67689.8
         Crypt |   5.6 |   5.6 |  16.7 |   0.0 |   5.9 | 41855.3
        Depths |   6.6 |   6.5 |  23.3 |   0.0 |   8.9 | 47644.2
          Hell |   2.1 |   2.1 |   0.0 |   5.9 |   2.8 | 59829.0
       Cocytus |   6.2 |   6.2 |   3.3 |  11.8 |   9.8 | 29972.6
           Zot |   8.4 |   8.5 |   3.3 |   0.0 |  18.8 | 80636.6
         Abyss |   3.4 |   3.4 |   0.0 |   0.0 |   1.9 | 13772.3
   Pandemonium |  10.0 |  10.1 |   6.7 |   5.9 |  12.1 | 28726.1
       Ossuary |   1.0 |   1.0 |   0.0 |   0.0 |   0.1 | 1161.0
      Ice Cave |   1.0 |   1.0 |   0.0 |   0.0 |   0.6 | 11996.0
       Volcano |   0.1 |   0.1 |   0.0 |   0.0 |   0.0 | 218.0
      Gauntlet |   0.4 |   0.4 |   0.0 |   0.0 |   0.2 | 4140.0
               +-------+-------+-------+-------+-------+----------------------

Table legend: (Time is in decaauts)
 A = Elapsed time spent in this place.
 B = Non-inter-level travel time spent in this place.
 C = Inter-level travel time spent in this place.
 D = Time resting spent in this place.
 E = Time spent auto-exploring this place.
 F = Levels seen in this place.
 G = Mean time per level.
                   A        B        C        D        E       F      G
               +--------+--------+--------+--------+--------+-----+--------+
         Total |  71780 |  62158 |   9622 |  13055 |  13770 |  80 |  897.2 |
       Dungeon |  14788 |  11226 |   3562 |    995 |   4928 |  15 |  985.9 |
        Temple |      1 |      1 |      0 |      0 |      0 |   1 |    1.0 |
          Lair |   5537 |   4371 |   1166 |    742 |   1047 |   5 | 1107.4 |
         Swamp |   4143 |   3718 |    425 |   1156 |    518 |   4 | 1035.8 |
   Spider Nest |   5882 |   5124 |    758 |   1516 |    307 |   4 | 1470.5 |
    Slime Pits |   2304 |   2248 |     56 |    688 |    257 |   5 |  460.8 |
  Orcish Mines |   1650 |   1358 |    292 |    128 |    304 |   2 |  825.0 |
   Elven Halls |   3253 |   2990 |    263 |    901 |    900 |   3 | 1084.3 |
        Vaults |  10232 |   9029 |   1203 |   1683 |   1622 |   5 | 2046.4 |
         Crypt |   3419 |   3043 |    376 |    765 |    471 |   3 | 1139.7 |
        Depths |   5464 |   4805 |    659 |   1361 |   1492 |   4 | 1366.0 |
          Hell |    654 |    613 |     41 |    102 |    183 |   1 |  654.0 |
       Cocytus |   2841 |   2577 |    264 |   1040 |     19 |   7 |  405.9 |
           Zot |   4412 |   3860 |    552 |    594 |   1264 |   5 |  882.4 |
         Abyss |   1140 |   1140 |      0 |     99 |     83 |   3 |  380.0 |
   Pandemonium |   4121 |   4121 |      0 |    687 |    373 |   9 |  457.9 |
       Ossuary |    832 |    832 |      0 |    466 |      0 |   1 |  832.0 |
      Ice Cave |    679 |    679 |      0 |    127 |      0 |   1 |  679.0 |
       Volcano |    125 |    125 |      0 |      0 |      0 |   1 |  125.0 |
      Gauntlet |    292 |    292 |      0 |      0 |      0 |   1 |  292.0 |
               +--------+--------+--------+--------+--------+-----+--------+

Top non-repeatable levels by time:
Vaults:2: 2351 daAuts
Vaults:1: 2342 daAuts
Vaults:3: 2017 daAuts
Vaults:4: 1970 daAuts
Spider:3: 1877 daAuts
Depths:4: 1774 daAuts
   Elf:3: 1735 daAuts
Spider:4: 1731 daAuts
   Coc:7: 1718 daAuts
Spider:2: 1696 daAuts
  Lair:3: 1672 daAuts
Depths:1: 1601 daAuts
     D:8: 1578 daAuts
Vaults:5: 1551 daAuts
     D:4: 1325 daAuts
